 Dungeon Crawl Stone Soup version 0.29.1-4-g47bece8355 (webtiles) character file.

Game seed: 14407079538629264603

1849736 scionoferis the Pyromancer (level 27, 170/170 HPs)
             Began as a Deep Elf Arcane Marksman on Dec 6, 2022.
             Was the Champion of Vehumet.
             Escaped with the Orb
             ... and 4 runes on Dec 8, 2022!
             The game lasted 09:39:23 (106592 turns).

scionoferis the Pyromancer (DEAM)                 Turns: 106592, Time: 09:39:23

Health: 170/170    AC: 31    Str:  9    XL:     27
Magic:  50/50      EV: 14    Int: 43    God:    Vehumet [******]
Gold:   5420       SH: 15    Dex: 11    Spells: 15/68 levels left

rFire   + + .      SeeInvis +   a - +7 demon trident of Sockoboema {elec, *Noise rElec rN+++ Will+}
rCold   + . .      Faith    .   J - +2 kite shield {AC+3}
rNeg    + + +      Spirit   +   m - +7 swamp dragon scales
rPois   +          Reflect  .   X - +2 hat {SInv}
rElec   +          Harm     .   K - +2 cloak {rC+}
rCorr   +          Rampage  .   Q - +2 pair of gloves
Will    ++++.                   R - +1 pair of boots {Stlth+}
Stlth   ++........              M - amulet "Mupluunk" {Spirit rF++ Regen+}
HPRegen 1.18/turn               F - ring of Dadiux Ylut {Will+ Int+6 Dex-2 Stlth+}
MPRegen 0.32/turn               t - ring of Greed {+Blink rCorr Int+6}

@: studying 2 skills
A: horns 1, clumsy 1, wild magic 1
0: Orb of Zot
}: 4/15 runes: decaying, slimy, silver, gossamer
a: Renounce Religion, Evoke Blink


You escaped.
You worshipped Vehumet.
Vehumet was exalted by your worship.
You visited 12 branches of the dungeon, and saw 56 of its levels.
You also visited: Ice Cave and Volcano.

You collected 10097 gold pieces.
You spent 4677 gold pieces at shops.


Innate Abilities, Weirdness & Mutations

You have a pair of small horns on your head.
You are clumsy. (Dex -2)
Your spells are a little harder to cast, but a little more powerful.


   Skills:
 * Level 16.8 Fighting
 - Level 2.6 Ranged Weapons
 - Level 10.0 Armour
 * Level 16.7 Dodging
 - Level 5.0 Stealth
 - Level 15.0 Shields
 + Level 21.4 Spellcasting
 + Level 22.4 Conjurations
 - Level 4.0 Hexes
 - Level 11.0 Summonings
 - Level 3.5 Necromancy
 - Level 3.0 Translocations
 + Level 23.2 Fire Magic
 - Level 11.0 Ice Magic
 - Level 6.0 Air Magic
 + Level 15.6 Earth Magic
 - Level 12.0 Evocations


You had 15 spell levels left.
You knew the following spells:

 Your Spells              Type           Power      Damage    Failure   Level
a - Slow                  Hex            100%       N/A       1%          1
c - Ozocubu's Armour      Ice            100%       N/A       1%          3
d - Freezing Cloud        Conj/Ice/Air   59%        6-21      1%          5
e - Flame Wave            Conj/Fire      100%       2d21      1%          4
f - Hailstorm             Conj/Ice       100%       3d20      1%          4
g - Iron Shot             Conj/Erth      67%        9d12      1%          6
h - Fireball              Conj/Fire      71%        3d27      1%          5
i - Lee's Rapid Deconstr  Erth           62%        3d30*     1%          5
j - Ignition              Fire           72%        3d19      1%          8
k - Apportation           Tloc           100%       N/A       1%          1
l - Sublimation of Blood  Necr           79%        N/A       1%          2
m - Spellforged Servitor  Conj/Summ      64%        N/A       1%          7
n - Blink                 Tloc           100%       N/A       1%          2

Your spell library contained the following spells:

 Spells                   Type           Power      Damage    Failure   Level
 Chain Lightning          Conj/Air       60%        3d80      78%         9
 Necrotise                Necr           100%       1d9       1%          1
 Sandblast                Erth           100%       2d20      1%          1
 Shock                    Conj/Air       100%       1d9       1%          1
 Summon Small Mammal      Summ           100%       N/A       1%          1
 Passwall                 Tmut/Erth      82%        N/A       1%          2
 Scorch                   Fire           100%       2d10      1%          2
 Searing Ray              Conj           100%       2d8       1%          2
 Call Canine Familiar     Summ           100%       N/A       1%          3
 Conjure Flame            Conj/Fire      100%       6-21      1%          3
 Dazzling Flash           Conj/Hex       100%       N/A       1%          3
 Ignite Poison            Fire/Tmut/Pois 98%        N/A       1%          3
 Inner Flame              Hex/Fire       100%       N/A       1%          3
 Stone Arrow              Conj/Erth      100%       3d13      1%          3
 Summon Guardian Golem    Hex/Summ       97%        N/A       1%          3
 Swiftness                Air            91%        N/A       1%          3
 Airstrike                Air            45%        2d(7-23)  1%          4
 Fulminant Prism          Conj/Hex       59%        3d25      1%          4
 Iskenderun's Mystic Bla  Conj/Tloc      100%       2d19      1%          4
 Leda's Liquefaction      Hex/Erth       53%        N/A       1%          4
 Petrify                  Tmut/Erth      99%        N/A       1%          4
 Sticky Flame             Conj/Fire      100%       2d11      1%          4
 Summon Ice Beast         Ice/Summ       100%       N/A       1%          4
 Summon Lightning Spire   Summ/Air       100%       N/A       1%          4
 Irradiate                Conj/Tmut      55%        3d30      1%          5
 Iskenderun's Battlesphe  Conj           100%       2d15      1%          5
 Lightning Bolt           Conj/Air       60%        1d83      1%          5
 Conjure Ball Lightning   Conj/Air       60%        3x3d22    1%          6
 Orb of Destruction       Conj           71%        9d16      1%          7
 Confusing Touch          Hex            81%        N/A       2%          3
 Portal Projectile        Hex/Tloc       100%       N/A       2%          3
 Tukima's Dance           Hex            81%        N/A       2%          3
 Vampiric Draining        Necr           79%        2d11      2%          3
 Lehudib's Crystal Spear  Conj/Erth      67%        10d15     2%          8
 Beastly Appendage        Tmut           100%       N/A       3%          1
 Sting                    Tmut/Pois      100%       1d8       3%          1
 Gell's Gravitas          Tloc           76%        N/A       3%          3
 Lesser Beckoning         Tloc           76%        N/A       3%          3
 Teleport Other           Tloc           76%        N/A       3%          3
 Ice Form                 Ice/Tmut       88%        N/A       3%          4
 Wereblood                Tmut           56%        N/A       4%          2
 Metabolic Englaciation   Hex/Ice        48%        N/A       4%          5
 Summon Mana Viper        Hex/Summ       97%        N/A       4%          5
 Cause Fear               Hex            40%        N/A       5%          4
 Summon Cactus Giant      Summ           55%        N/A       5%          6
 Anguish                  Hex/Necr       40%        N/A       6%          4
 Ozocubu's Refrigeration  Ice            55%        4d19      6%          7
 Olgreb's Toxic Radiance  Pois           56%        N/A       7%          4
 Passage of Golubria      Tloc           76%        N/A       8%          4
 Spider Form              Tmut/Pois      56%        N/A       9%          3
 Yara's Violent Unravell  Hex/Tmut       35%        3d14      9%          5
 Silence                  Hex/Air        43%        N/A       10%         5
 Agony                    Necr           79%        N/A       16%         5
 Statue Form              Tmut/Erth      66%        N/A       16%         6
 Manifold Assault         Tloc           76%        N/A       21%         5
 Simulacrum               Ice/Necr       48%        N/A       21%         6
 Monstrous Menagerie      Summ           55%        N/A       22%         7
 Summon Hydra             Summ           55%        N/A       22%         7
 Blade Hands              Tmut           28%        N/A       52%         5
 Eringya's Noxious Bog    Tmut/Pois      28%        N/A       58%         6
 Shatter                  Erth           62%        3d46*     61%         9
 Dispersal                Tloc           38%        N/A       69%         6
 Malign Gateway           Summ/Tloc      47%        N/A       71%         7
 Enfeeble                 Hex            40%        N/A       98%         7
 Storm Form               Tmut/Air       38%        N/A       99%         7
 Dragon Form              Tmut           28%        N/A       100%        7
 Borgnjor's Revivificati  Necr           39%        N/A       100%        8
 Discord                  Hex            40%        N/A       100%        8
 Disjunction              Tloc           38%        N/A       100%        8
 Necromutation            Tmut/Necr      34%        N/A       100%        8
 Death's Door             Necr           39%        N/A       100%        9
 Dragon's Call            Summ           55%        N/A       100%        9

Inventory:

Hand Weapons
 a - the +7 demon trident of Sockoboema (weapon) {elec, *Noise rElec rN+++ Will+}
   (You took it off a deep elf death mage on level 3 of the Elven Halls)

   It occasionally discharges a powerful burst of electricity upon striking a
   foe.
   rElec:     It insulates you from electricity.
   rN:        It renders you almost immune to negative energy.
   *Noise:    It may make noises in combat.
   Will:      It increases your willpower.
Missiles
 f - 10 curare-tipped darts (quivered)
 P - 5 throwing nets
Armour
 m - +7 swamp dragon scales (worn)
   (You found it on level 5 of the Lair of Beasts)
 J - a +2 kite shield of protection (worn)
   (You took it off a gnoll sergeant on level 5 of the Dungeon)
 K - a +2 cloak of cold resistance (worn)
   (You found it in an ice cave)
 Q - a +2 pair of gloves (worn)
   (You found it on level 13 of the Dungeon)
 R - a +1 pair of boots of stealth (worn)
   (You found it on level 3 of the Elven Halls)
 U - a +0 helmet of intelligence
   (You found it on level 2 of the Depths)
 X - a +2 hat of see invisible (worn)
   (You found it on level 4 of the Spider Nest)
Magical Staves
 L - a staff of conjuration
   (You acquired it on level 2 of the Depths)
Jewellery
 d - the ring of Siphets {rF+ rC++ rCorr Str-5 Slay+2}
   (You found it on level 1 of the Crypt)

   [ring of protection from fire]

   Str:       It affects your strength (-5).
   Slay:      It affects your accuracy & damage with ranged weapons and melee
   (+2).
   rF:        It protects you from fire.
   rC:        It greatly protects you from cold.
   rCorr:     It protects you from acid and corrosion.
 r - the ring of the Republic {Fire rN+ Dex+5}
   (You found it on level 1 of the Crypt)

   [ring of fire]

   It enhances your fire magic.
   Dex:       It affects your dexterity (+5).
   rF:        It protects you from fire.
   rC:        It makes you vulnerable to cold.
   rN:        It protects you from negative energy.
 t - the ring of Greed (right hand) {+Blink rCorr Int+6}
   (You found it in an ice cave)

   [ring of intelligence]

   Int:       It affects your intelligence (+6).
   +Blink:    It lets you blink.
   rCorr:     It protects you from acid and corrosion.
 A - the ring "Tidojek" {Fly rN+ Str+4 Int+2 Stlth+}
   (You found it on level 3 of the Lair of Beasts)

   [ring of flight]

   Str:       It affects your strength (+4).
   Int:       It affects your intelligence (+2).
   rN:        It protects you from negative energy.
   Fly:       It grants you flight.
   Stlth:     It makes you more stealthy.
 F - the ring of Dadiux Ylut (left hand) {Will+ Int+6 Dex-2 Stlth+}
   (You found it on level 5 of the Pits of Slime)

   [ring of intelligence]

   Int:       It affects your intelligence (+6).
   Dex:       It affects your dexterity (-2).
   Will:      It increases your willpower.
   Stlth:     It makes you more stealthy.
 M - the amulet "Mupluunk" (around neck) {Spirit rF++ Regen+}
   (You took it off a deep elf death mage on level 3 of the Elven Halls)

   [amulet of guardian spirit]

   It causes incoming damage to be divided between your reserves of health and
   magic.
   rF:        It greatly protects you from fire.
   Regen:     It increases your rate of health regeneration.
Wands
 g - a wand of paralysis (39)
   (You found it on level 5 of the Lair of Beasts)
 p - a wand of roots (41)
   (You found it on level 3 of the Dungeon)
 E - a wand of mindburst (23)
   (You found it on level 5 of the Dungeon)
 S - a wand of digging (20)
   (You found it on level 12 of the Dungeon)
 V - a wand of light (16)
   (You found it on level 4 of the Swamp)
Scrolls
 e - 5 scrolls of magic mapping
 i - 24 scrolls of teleportation
 n - 4 scrolls of poison
 w - 5 scrolls of blinking
 B - 9 scrolls of fear
 I - 4 scrolls of silence
 N - 5 scrolls of summoning
 O - 9 scrolls of butterflies
Potions
 c - 7 potions of mutation
 h - a potion of invisibility
 k - 4 potions of haste
 l - 24 potions of curing
 o - 9 potions of heal wounds
 q - 2 potions of brilliance
 s - 10 potions of flight
 u - 10 potions of magic
 z - 5 potions of resistance
 C - 5 potions of ambrosia
 G - 5 potions of cancellation
Miscellaneous
 b - a phial of floods
   (You found it on level 2 of the Swamp)
 j - a lightning rod (4/4)
   (You found it on level 5 of the Pits of Slime)
 y - a tin of tremorstones (2/2)
   (You found it on level 2 of the Spider Nest)
 H - a condenser vane
   (You found it on level 5 of the Pits of Slime)
 W - a box of beasts
   (You found it on level 3 of the Elven Halls)
 Y - a phantom mirror
   (You found it on level 3 of the Elven Halls)

Dungeon Overview and Level Annotations

Branches:
Dungeon (15/15)            Temple (1/1) D:6            Lair (5/5) D:8
  Swamp (4/4) Lair:3       Spider (4/4) Lair:3        Slime (5/5) Lair:4
    Orc (2/2) D:12            Elf (3/3) Orc:2        Vaults (5/5) D:14
  Crypt (3/3) Vaults:2       Tomb (0/3) Crypt:3      Depths (4/4) D:15
    Zot (5/5) Depths:4      IceCv (visited)         Volcano (visited)

Altars:
Ashenzari
Cheibriados
Dithmenos
Elyvilon
Fedhas
Gozag
Hepliaklqana
Kikubaaqudgha
Makhleb
Nemelex Xobeh
Okawaru
Qazlal
Ru
Sif Muna
Trog
Uskayaw
Vehumet
Wu Jian
Xom
Yredelemnul
Zin
The Shining One

Shops:
D:1 =   D:4 (!(=(   D:13 [   Orc:2 *![!   Elf:1 =::*(   Elf:3 ?   Vaults:1 *
Vaults:2 :   Zot:3 *

Portals:
Hell: Depths:1 Depths:2 Depths:3 Depths:4
Abyss: D:5 Depths:3 Depths:4
Pandemonium: Depths:2
Ziggurat: Depths:3

Annotations:
Elf:2 3 runed translucent doors
Depths:4 exclusion: upstairs

#...#.#.#.# #....#.
#.⌠.#.#.#.# #....#.
#...#.#.#.# #......
#.⌠.#.#.#.###).....
#...#...#..........
######.⌠.###########.#..
#.............# ###.###
#.............# #^.....
#......@......# #.#.###
#.............# #.#.#..
#.............# #.#.#..
#####################.#.#.#
#.............#.......#.###
#.#############.#######.#..
#.# #######.#######.#.# #.#
#...............#.# #.#
#.#####.#########.#


There were no monsters in sight!


Message History

Aiming: Iron Shot (mildly dangerous; 1% risk of failure)
Press: ? - help, Shift-Dir - straight line, f/p - shadow dragon
Aim: a shadow dragon (heavily wounded, 81% to hit)
The iron shot hits the shadow dragon!!!
You kill the shadow dragon!
Vehumet accepts your kill.
You feel your power returning.
You start resting.
HP restored.
You start resting.
A fire giant comes into view.
It is wielding a +0 great sword of flaming.
A fire giant is nearby!
Casting: Iron Shot (mildly dangerous; 1% risk of failure)
Confirm with . or Enter, or press ? or * to list all spells.
Aiming: Iron Shot (mildly dangerous; 1% risk of failure)
Press: ? - help, Shift-Dir - straight line, f - fire giant
Aim: a fire giant, wielding a +0 great sword of flaming (wandering, hasn't noticed you, 96% to hit)
The iron shot hits the fire giant!!!
The fire giant is severely wounded.
The fire giant shouts!
You hear a shout!
Unknown command.
Casting: Iron Shot (mildly dangerous; 1% risk of failure)
Confirm with . or Enter, or press ? or * to list all spells.
Aiming: Iron Shot (mildly dangerous; 1% risk of failure)
Press: ? - help, Shift-Dir - straight line, f/p - fire giant
Aim: a fire giant, wielding a +0 great sword of flaming (severely wounded, 96% to hit)
The iron shot hits the fire giant!!!!
You kill the fire giant!
Vehumet accepts your kill.
You feel your power returning.
You start resting.
A vault sentinel comes into view. It is wielding a +0 falchion.
Casting: Iron Shot (mildly dangerous; 1% risk of failure)
Confirm with . or Enter, or press ? or * to list all spells.
Aiming: Iron Shot (mildly dangerous; 1% risk of failure)
Press: ? - help, Shift-Dir - straight line, f - vault sentinel
Aim: a vault sentinel, wielding a +0 falchion and wearing a +0 ring mail (wandering, hasn't noticed you, 76% to hit)
The iron shot hits the vault sentinel!!!
You kill the vault sentinel!
Vehumet accepts your kill.
You feel your power returning.
You start resting.
Magic restored.
Things that are here:
5 large rocks; a stone giant corpse
Things that are here:
a +0 great sword of flaming; a fire giant corpse A golden dragon, a yaktaur captain, a vault warden and 2 yaktaurs come into view.
Found a runed trident and 37 gold pieces.
Casting: Iron Shot (mildly dangerous; 1% risk of failure)
Confirm with . or Enter, or press ? or * to list all spells.
Casting: Ignition (mildly dangerous; 1% risk of failure)
Press: ? - help, Dir - look around, f - activate The air bursts into flame!
The fireball engulfs the golden dragon!
The golden dragon resists.
The golden dragon is lightly wounded.
The golden dragon roars deafeningly!
The fireball engulfs the yaktaur captain!!
The yaktaur captain is moderately wounded.
The yaktaur captain shouts!
The fireball engulfs the vault warden!!!
The vault warden is heavily wounded.
The vault warden shouts!
The fireball engulfs the yaktaur!!
The yaktaur is severely wounded.
The yaktaur shouts!
The fireball engulfs the yaktaur!!
The yaktaur is heavily wounded.
The yaktaur shouts!
The fireball engulfs the yaktaur!!
You kill the yaktaur!
Vehumet accepts your kill.
The fireball engulfs the yaktaur!!
You kill the yaktaur!
Vehumet accepts your kill.
You feel your power returning.
The fireball engulfs the yaktaur captain!
The yaktaur captain is heavily wounded.
The fireball engulfs the golden dragon!!
The golden dragon resists.
The golden dragon is moderately wounded.
The fireball engulfs the vault warden!!
The vault warden is almost dead.
You hear a shout! x4
A yaktaur comes into view.
Unknown command.
Unknown command.
Casting: Ignition (mildly dangerous; 1% risk of failure)
Confirm with . or Enter, or press ? or * to list all spells.
Casting: Ignition (mildly dangerous; 1% risk of failure)
Press: ? - help, Dir - look around, f - activate The air bursts into flame!
The fireball engulfs the yaktaur captain!!
The yaktaur captain is almost dead.
The fireball engulfs the vault warden!!
You kill the vault warden!
Vehumet accepts your kill.
You feel your power returning.
The fireball engulfs the yaktaur!!
The yaktaur is heavily wounded.
The fireball engulfs the yaktaur!!
You kill the yaktaur!
Vehumet accepts your kill.
You feel your power returning.
The fireball engulfs the yaktaur captain!!
You kill the yaktaur captain!
Vehumet accepts your kill.
You feel your power returning.
A tengu reaver comes into view. It is wielding a +0 great mace.
Unknown command.
Unknown command.
Casting: Ignition (mildly dangerous; 1% risk of failure)
Confirm with . or Enter, or press ? or * to list all spells.
Casting: Ignition (mildly dangerous; 1% risk of failure)
Press: ? - help, Dir - look around, f - activate The air bursts into flame!
The fireball engulfs the golden dragon!!
The golden dragon resists.
The golden dragon is heavily wounded.
The fireball engulfs the tengu reaver!!
You kill the tengu reaver!
Vehumet accepts your kill.
You feel your power returning.
The fireball engulfs the golden dragon!
The golden dragon resists.
The golden dragon is severely wounded.
The golden dragon breathes cold at you. The bolt of cold misses you.
Unknown command.
Unknown command.
Casting: Ignition (mildly dangerous; 1% risk of failure)
Confirm with . or Enter, or press ? or * to list all spells.
Aiming: Iron Shot (mildly dangerous; 1% risk of failure)
Press: ? - help, Shift-Dir - straight line, f - golden dragon
Aim: a golden dragon (severely wounded, 88% to hit)
The iron shot hits the golden dragon!!!
You kill the golden dragon!
Vehumet accepts your kill.
You feel your power returning.
A yaktaur comes into view.
A deep elf high priest comes into view. It is wielding a +0 scimitar.
Casting: Iron Shot (mildly dangerous; 1% risk of failure)
Confirm with . or Enter, or press ? or * to list all spells.
Casting: Ignition (mildly dangerous; 1% risk of failure)
Press: ? - help, Dir - look around, f - activate The air bursts into flame!
The fireball engulfs the deep elf high priest!
The deep elf high priest is moderately wounded.
The fireball engulfs the yaktaur!!
The yaktaur is severely wounded.
The fireball engulfs the yaktaur!!!
You kill the yaktaur!
Vehumet accepts your kill.
You feel your power returning. Vehumet accepts your kill.
You feel a bit more experienced.
The fireball engulfs the deep elf high priest!!!
You kill the deep elf high priest!
Vehumet accepts your kill.
You feel your power returning.
A culicivora comes into view.
Unknown command.
Unknown command.
You reach to attack!
You barely miss the culicivora.
The culicivora is heavily wounded.
You block the culicivora's attack.
You miss the culicivora. You headbutt the culicivora.
The culicivora is heavily wounded.
You block the culicivora's attack. x2
Unknown command.
Casting: Ignition (mildly dangerous; 1% risk of failure)
Confirm with . or Enter, or press ? or * to list all spells.
Aiming: Iron Shot (mildly dangerous; 1% risk of failure)
Press: ? - help, Shift-Dir - straight line, f/p - culicivora
Aim: a culicivora (heavily wounded, 66% to hit)
The iron shot hits the culicivora!!!
You kill the culicivora!
Vehumet accepts your kill.
You feel your power returning.
The culicivora's shape twists and changes as it dies.
You start resting.
A sphinx comes into view.
Found six items.
The sphinx shouts!
You see here a glowing shapeshifter corpse.
Found five items.
Casting: Iron Shot (mildly dangerous; 1% risk of failure)
Confirm with . or Enter, or press ? or * to list all spells.
Aiming: Iron Shot (mildly dangerous; 1% risk of failure)
Press: ? - help, Shift-Dir - straight line, f - sphinx
Aim: a sphinx (93% to hit)
The iron shot hits the sphinx!!!
The sphinx is severely wounded.
The sphinx mumbles some strange words.
You resist with almost no effort.
Casting: Iron Shot (mildly dangerous; 1% risk of failure)
Confirm with . or Enter, or press ? or * to list all spells.
Aiming: Iron Shot (mildly dangerous; 1% risk of failure)
Press: ? - help, Shift-Dir - straight line, f/p - sphinx
Aim: a sphinx (severely wounded, 93% to hit)
The iron shot hits the sphinx!!!
You kill the sphinx!
Vehumet accepts your kill.
You feel your power returning.
You start resting.
Magic restored.
Things that are here:
a +0 great sword; a +0 chain mail
v - an amulet of faith You now have 4696 gold pieces (gained 11).
Things that are here:
a +0 arbalest; a yaktaur corpse
x - a +6 ring of strength You now have 4744 gold pieces (gained 48).
Things that are here:
a +0 arbalest; a yaktaur corpse You drop a +6 ring of strength.
i - 23 scrolls of teleportation (gained 1)
You now have 5141 gold pieces (gained 397).
Items here: )) [ †.
You now have 5178 gold pieces (gained 37).
Items here: )) [ †.
z - 5 potions of resistance (gained 1)
x - a potion of might You drop a potion of might.
x - a scroll of brand weapon You drop a scroll of brand weapon.
You see here the +5 mace of Nemelex Xobeh's Esteem {holy, rElec rC+ Str+6 Stlth-}.
P - 5 throwing nets (gained 1)
A frost giant comes into view.
It is wielding a +1 battleaxe of freezing.
Casting: Iron Shot (mildly dangerous; 1% risk of failure)
Confirm with . or Enter, or press ? or * to list all spells.
Aiming: Iron Shot (mildly dangerous; 1% risk of failure)
Press: ? - help, Shift-Dir - straight line, f - frost giant
Aim: a frost giant, wielding a +1 battleaxe of freezing (asleep, 100% to hit)
The iron shot hits the frost giant!!!
The frost giant is heavily wounded.
The frost giant shouts!
Unknown command.
A frost giant is nearby!
Casting: Iron Shot (mildly dangerous; 1% risk of failure)
Confirm with . or Enter, or press ? or * to list all spells.
Aiming: Iron Shot (mildly dangerous; 1% risk of failure)
Press: ? - help, Shift-Dir - straight line, f/p - frost giant
Aim: a frost giant, wielding a +1 battleaxe of freezing (heavily wounded, 98% to hit)
The iron shot hits the frost giant!!!!
You kill the frost giant!
Vehumet accepts your kill.
You feel your power returning.
You see here a +1 battleaxe of freezing.
Found a potion of lignification.
Found a book of Necromancy.
You see here a staff of earth.
You see here a staff of poison.
You see here the +5 morningstar of Embarrassment {vorpal, Contam rC+ Str+4}.
You see here a potion of lignification.
You see here a book of Necromancy.
Found a great mace.
You pick up a book of Blood and begin reading...
You add the spell Summon Hydra to your library.
You see here a staff of air.
x - a wand of flame (10)
You drop a wand of flame (10).
A titan comes into view.
The titan shouts!
The titan gestures at you while chanting.
The bolt of lightning hits you! You resist.
Casting: Iron Shot (mildly dangerous; 1% risk of failure)
Confirm with . or Enter, or press ? or * to list all spells.
Aiming: Iron Shot (mildly dangerous; 1% risk of failure)
Press: ? - help, Shift-Dir - straight line, f - titan
Aim: a titan (98% to hit)
The iron shot hits the titan!!!
The titan is severely wounded.
The titan points at you and mumbles some strange words.
The bolt of lightning hits you! You resist.
Casting: Iron Shot (mildly dangerous; 1% risk of failure)
Confirm with . or Enter, or press ? or * to list all spells.
Aiming: Iron Shot (mildly dangerous; 1% risk of failure)
Press: ? - help, Shift-Dir - straight line, f/p - titan
Aim: a titan (severely wounded, 98% to hit)
The iron shot hits the titan!!!
You kill the titan!
Vehumet accepts your kill.
You feel your power returning.
HP restored.
You now have 5195 gold pieces (gained 17).
You now have 5220 gold pieces (gained 25).
N - 5 scrolls of summoning (gained 1)
You now have 5254 gold pieces (gained 34).
You now have 5263 gold pieces (gained 9).
You now have 5281 gold pieces (gained 18).
A shadow dragon comes into view.
Found a ring of ice, a staff of cold, 4 large rocks and a silver rune of Zot.
A shadow dragon is nearby!
Casting: Iron Shot (mildly dangerous; 1% risk of failure)
Confirm with . or Enter, or press ? or * to list all spells.
You summon a servant imbued with your destructive magic!
Casting: Spellforged Servitor (mildly dangerous; 1% risk of failure)
Confirm with . or Enter, or press ? or * to list all spells.
Aiming: Iron Shot (mildly dangerous; 1% risk of failure)
Press: ? - help, Shift-Dir - straight line, f - shadow dragon
Aim: a shadow dragon (ally target, 81% to hit)
The iron shot hits the shadow dragon!!!
The shadow dragon is heavily wounded.
The shadow dragon breathes negative energy at you.
The bolt of negative energy hits you but does no damage.
You resist.
Casting: Iron Shot (mildly dangerous; 1% risk of failure)
Confirm with . or Enter, or press ? or * to list all spells.
Aiming: Iron Shot (mildly dangerous; 1% risk of failure)
Press: ? - help, Shift-Dir - straight line, f/p - shadow dragon
Aim: a shadow dragon (heavily wounded, catching its breath, ally target, 81% to hit)
The iron shot hits the shadow dragon!!!
You kill the shadow dragon!
Vehumet accepts your kill.
You feel your power returning.
Your spellforged servitor disappears in a puff of smoke!
You now have 5304 gold pieces (gained 23).
Found a condenser vane.
You now have 5320 gold pieces (gained 16).
Found a potion of haste.
You see here the +5 halberd of Symmetry {vorpal, Fly rN+ Dex-5 Stlth+}.
B - 9 scrolls of fear (gained 1)
You pick up the silver rune and feel its power.
You now have 4 runes.
Press } to see all the runes you have collected.
You see here a staff of cold.
x - a ring of ice You drop a ring of ice.
You see here 4 large rocks.
i - 24 scrolls of teleportation (gained 1)
You see here a condenser vane.
You now have 5326 gold pieces (gained 6).
You now have 5362 gold pieces (gained 36).
k - 5 potions of haste (gained 1)
You now have 5383 gold pieces (gained 21).
You now have 5401 gold pieces (gained 18).
You now have 5420 gold pieces (gained 19).
A dread lich comes into view.
Casting: Iron Shot (mildly dangerous; 1% risk of failure)
Confirm with . or Enter, or press ? or * to list all spells.
Aiming: Iron Shot (mildly dangerous; 1% risk of failure)
Press: ? - help, Shift-Dir - straight line, f - dread lich
Aim: a dread lich (wandering, hasn't noticed you, 81% to hit)
The iron shot hits the dread lich!!!
The dread lich is heavily damaged.
Unknown command.
Casting: Iron Shot (mildly dangerous; 1% risk of failure)
Confirm with . or Enter, or press ? or * to list all spells.
Aiming: Iron Shot (mildly dangerous; 1% risk of failure)
Press: ? - help, Shift-Dir - straight line, f/p - dread lich
Aim: a dread lich (heavily damaged, 81% to hit)
The iron shot misses the dread lich.
Unknown command.
Casting: Iron Shot (mildly dangerous; 1% risk of failure)
Confirm with . or Enter, or press ? or * to list all spells.
Aiming: Iron Shot (mildly dangerous; 1% risk of failure)
Press: ? - help, Shift-Dir - straight line, f/p - dread lich
Aim: a dread lich (heavily damaged, 81% to hit)
The iron shot hits the dread lich!!!
The dread lich is almost destroyed.
The dread lich touches you.
Unknown command.
Casting: Iron Shot (mildly dangerous; 1% risk of failure)
Confirm with . or Enter, or press ? or * to list all spells.
Aiming: Iron Shot (mildly dangerous; 1% risk of failure)
Press: ? - help, Shift-Dir - straight line, f/p - dread lich
Aim: a dread lich (almost destroyed, 81% to hit)
The iron shot hits the dread lich!!!
You destroy the dread lich!
Vehumet accepts your kill.
You feel your power returning.
You start resting.
HP restored.
You start resting.
A deep elf high priest comes into view. It is wielding a +0 long sword.
Casting: Iron Shot (mildly dangerous; 1% risk of failure)
Confirm with . or Enter, or press ? or * to list all spells.
You summon a servant imbued with your destructive magic!
Casting: Spellforged Servitor (mildly dangerous; 1% risk of failure)
Confirm with . or Enter, or press ? or * to list all spells.
Aiming: Iron Shot (mildly dangerous; 1% risk of failure)
Press: ? - help, Shift-Dir - straight line, f - deep elf high priest
Aim: a deep elf high priest, wielding a +0 long sword and wearing a +0 leather armour (wandering, ally target, hasn't noticed you, 73% to hit)
The iron shot hits the deep elf high priest!!!
You kill the deep elf high priest!
Vehumet accepts your kill.
You feel your power returning.
Your spellforged servitor disappears in a puff of smoke!
Magic restored.
Found a phial of floods.
I - 4 scrolls of silence (gained 1)
Items here: )) [ †.
Found a trident and a potion of attraction.
You see here a phial of floods.
You see here a potion of attraction.
You see here a phial of floods.
Items here: )) [ †.
Found a helmet.
You see here a +0 helmet.
A titan comes into view.
Casting: Iron Shot (mildly dangerous; 1% risk of failure)
Confirm with . or Enter, or press ? or * to list all spells.
You summon a servant imbued with your destructive magic!
Casting: Spellforged Servitor (mildly dangerous; 1% risk of failure)
Confirm with . or Enter, or press ? or * to list all spells.
You can't see any susceptible monsters within range! (Use Z to cast anyway.)
Your spellforged servitor points at the titan and mumbles some strange words.
The iron shot hits the titan!!!
Casting: Spellforged Servitor (mildly dangerous; 1% risk of failure)
Confirm with . or Enter, or press ? or * to list all spells.
Aiming: Iron Shot (mildly dangerous; 1% risk of failure)
Press: ? - help, Shift-Dir - straight line, f - titan
Aim: a titan (heavily wounded, ally target, 98% to hit)
The iron shot hits the titan!!!
The titan is almost dead.
Unknown command.
Casting: Iron Shot (mildly dangerous; 1% risk of failure)
Confirm with . or Enter, or press ? or * to list all spells.
Aiming: Iron Shot (mildly dangerous; 1% risk of failure)
Press: ? - help, Shift-Dir - straight line, f/p - titan
Aim: a titan (almost dead, ally target, 98% to hit)
The iron shot hits the titan!!!
You kill the titan!
Vehumet accepts your kill.
You feel your power returning.
Your spellforged servitor disappears in a puff of smoke!
A shadow dragon comes into view.
Found a quick blade and a heavily runed ring mail.
Casting: Iron Shot (mildly dangerous; 1% risk of failure)
Confirm with . or Enter, or press ? or * to list all spells.
You summon a servant imbued with your destructive magic!
You swap places.
Casting: Spellforged Servitor (mildly dangerous; 1% risk of failure)
Confirm with . or Enter, or press ? or * to list all spells.
Aiming: Iron Shot (mildly dangerous; 1% risk of failure)
Press: ? - help, Shift-Dir - straight line, f - shadow dragon
Aim: a shadow dragon (ally target, 81% to hit)
The iron shot misses the shadow dragon.
You hear a shout!
The shadow dragon breathes negative energy at you.
The bolt of negative energy misses you.
Casting: Iron Shot (mildly dangerous; 1% risk of failure)
Confirm with . or Enter, or press ? or * to list all spells.
Aiming: Iron Shot (mildly dangerous; 1% risk of failure)
Press: ? - help, Shift-Dir - straight line, f/p - shadow dragon
Aim: a shadow dragon (ally target, 81% to hit)
The iron shot hits the shadow dragon!!!
The shadow dragon is heavily wounded.
The shadow dragon breathes negative energy at you.
The bolt of negative energy hits you but does no damage.
You resist.
A yaktaur captain comes into view.
Casting: Iron Shot (mildly dangerous; 1% risk of failure)
Confirm with . or Enter, or press ? or * to list all spells.
Aiming: Iron Shot (mildly dangerous; 1% risk of failure)
Press: ? - help, Shift-Dir - straight line, f/p - shadow dragon
Aim: a shadow dragon (heavily wounded, catching its breath, ally target, 81% to hit)
The iron shot hits the shadow dragon!!!
The shadow dragon is almost dead.
The yaktaur captain wields a +0 hand crossbow.
The yaktaur captain shoots a bolt.
The bolt hits you!
Casting: Iron Shot (mildly dangerous; 1% risk of failure)
Confirm with . or Enter, or press ? or * to list all spells.
Casting: Ignition (mildly dangerous; 1% risk of failure)
Press: ? - help, Dir - look around, f - activate The air bursts into flame!
The fireball engulfs the shadow dragon!!!
You kill the shadow dragon!
Vehumet accepts your kill.
You feel your power returning.
The fireball engulfs the yaktaur captain!!
The yaktaur captain is moderately wounded.
The fireball engulfs the yaktaur captain!
The yaktaur captain is heavily wounded.
The yaktaur captain shoots a bolt.
The bolt hits you!!!
Your spellforged servitor gestures at the yaktaur captain while chanting.
The iron shot hits the yaktaur captain!!!
The yaktaur captain dies!
Vehumet accepts your kill.
Unknown command.
HP restored.
Your spellforged servitor disappears in a puff of smoke!
Found a plate armour.
You see here the +1 ring mail of Muttered Phrases {Stlth+}.
You see here a +1 war axe of venom.
You see here a +0 hand crossbow.
You see here a shadow dragon corpse.
A quicksilver dragon comes into view.
Casting: Ignition (mildly dangerous; 1% risk of failure)
Confirm with . or Enter, or press ? or * to list all spells.
Aiming: Iron Shot (mildly dangerous; 1% risk of failure)
Press: ? - help, Shift-Dir - straight line, f - quicksilver dragon
Aim: a quicksilver dragon (wandering, hasn't noticed you, 68% to hit)
The iron shot hits the quicksilver dragon!!!
The quicksilver dragon is severely wounded.
The quicksilver dragon roars deafeningly!
The quicksilver dragon breathes dispelling energy at you.
The bolt of dispelling energy hits you!!
Casting: Iron Shot (mildly dangerous; 1% risk of failure)
Confirm with . or Enter, or press ? or * to list all spells.
Aiming: Iron Shot (mildly dangerous; 1% risk of failure)
Press: ? - help, Shift-Dir - straight line, f/p - quicksilver dragon
Aim: a quicksilver dragon (severely wounded, catching its breath, 68% to hit)
The iron shot hits the quicksilver dragon!!!
You kill the quicksilver dragon!
Vehumet accepts your kill.
You feel your power returning.
The quicksilver dragon scales are intact enough to wear.
Things that are here:
a +0 falchion; a +0 ring mail
Things that are here:
a +0 dire flail; a +0 dire flail
Things that are here:
a +0 dire flail; a +0 great mace You see here a +0 bardiche.
Found a scroll of identify.
Done exploring.
Done exploring.
Search for what [? for help]? vault:5 Can't find anything matching that.
Search for what [Enter for "vault:5", or ? for help]? vaults:5 Unknown command.
Unknown command.
You drop an amulet of faith.
Unknown command.
(D) Dungeon (T) Temple (L) Lair (S) Swamp (N) Spider Nest (M) Slime Pits (O) Orcish Mines (E) Elven Halls (V) Vaults (C) Crypt (W) Tomb (U) Depths (H) Hell (Z) Zot
Where to? (Enter - Vaults:4 @ (x,y), ? - help)
What level of the Realm of Zot? (default 1, ? - help)
Things that are here:
a +2 buckler; a +0 ring mail; a +0 demon whip of freezing
There is a stone staircase leading up here.
Things that are here:
a +2 chain mail of fire resistance; a +0 war axe
There is a stone staircase leading up here.
You climb upwards.
There is a stone staircase leading down here.
There is an open door here.
There is an open door here.
There is an open door here.
There is a stone staircase leading up, spattered with blood here.
You climb upwards.
There is a stone staircase leading down, spattered with blood here.
There is an open door here.
There is an open door here.
You see here a +0 arbalest.
There is an open door here.
You see here a +0 arbalest.
There is a stone staircase leading up here.
You climb upwards.
There is a stone staircase leading down here.
There is an open door here.
Things that are here:
a +0 arbalest; a +0 chain mail; a +0 broad axe of venom
Things that are here:
a +0 scale mail; a +0 long sword
There is an open door here.
There is a stone staircase leading up here.
You climb upwards.
There is a stone staircase leading down, spattered with blood here.
You see here a scroll of identify.
You see here a +0 arbalest.
There is an open door, spattered with blood here.
Things that are here:
a +0 arbalest; a +0 plate armour; a +0 great sword of electrocution You see here a +0 arbalest.
There is a broken door here.
There is a gate leading back out of this place here.
You go up through the gate.
Welcome back to the Dungeon!
There is a gate to the Vaults here.
Things that are here:
a +0 chain mail; a +1 battleaxe
Items here: )) [[.
There is an open gate here.
Things that are here:
a +0 chain mail; a +3 great sword
There is a stone staircase leading down here.
You climb downwards.
There is a stone staircase leading up here.
There is an open door here.
There is an open door here.
There is a staircase to the Depths here.
You climb downwards.
Welcome back to the Depths!
There is a staircase back to the Dungeon here.
You see here a +0 kite shield.
There is a stone staircase leading down here.
You climb downwards.
There is a stone staircase leading up here.
There is a stone staircase leading down here.
You climb downwards.
There is a stone staircase leading up here.
There is an open door here.
There is an open door here.
There is a stone staircase leading down here.
You climb downwards.
Level annotation: exclusion: upstairs
There is a stone staircase leading up here.
There is an open door here.
There is an open door here.
There is an open door here.
There is an open door, spattered with blood here.
Things that are here:
a +0 cloak; a +0 whip; a +0 scimitar
Things that are here:
+0 fire dragon scales; a +6 great sword of flaming
Things that are here:
a +0 animal skin; a +0 war axe You see here quicksilver dragon scales.
Things that are here:
a +0 battleaxe; a +0 dire flail; a +0 dire flail
There is a gate to the Realm of Zot, spattered with blood here.
You go down through the gate.
Welcome back to the Realm of Zot!
There is a gate leading back out of this place, spattered with blood here.
Things that are here:
a +0 cloak; a +0 dagger of freezing You see here a +0 cloak.
There is an open gate here.
There is a stone staircase leading down here.
You climb downwards.
There is a stone staircase leading up here.
There is a stone staircase leading down here.
You climb downwards.
There is a stone staircase leading up, spattered with blood here.
There is a stone staircase leading down here.
You climb downwards.
There is a stone staircase leading up here.
There is a stone staircase leading down here.
You climb downwards.
There is a stone staircase leading up here.
There is an open door here.
You see here 3 stones.
Things that are here:
a +0 cloak; a +0 long sword
Things that are here:
a +12 club; a +11 club of electrocution You see here a +11 vorpal club.
Save game and exit?
Welcome back, scionoferis the Deep Elf Arcane Marksman.
Vehumet says: Let it end in hellfire!
Press ? for a list of commands and other information.
Okay, then.
You see here the Orb of Zot.
You feel yourself speed up.
You pick up the Orb of Zot!
The Orb lets out a hideous shriek!
The lords of Pandemonium are not amused.
Beware!
Now all you have to do is get back out of the dungeon!
Really walk into that permanent teleport trap?
You enter a permanent teleport trap!
Your surroundings suddenly seem different.
Really walk into that permanent teleport trap?
You enter a permanent teleport trap!
Your surroundings suddenly seem different.
(D) Dungeon (T) Temple (L) Lair (S) Swamp (N) Spider Nest (M) Slime Pits (O) Orcish Mines (E) Elven Halls (V) Vaults (C) Crypt (W) Tomb (U) Depths (H) Hell (Z) Zot
Where to? (? - help)
What level of the Dungeon? (default 15, ? - help)
Things that are here:
a +12 club; a +11 club of electrocution You see here a +10 vorpal club.
There is an open door here.
Your extra speed is starting to run out.
You feel yourself slow down.
There is a stone staircase leading up here.
You climb upwards.
There is a stone staircase leading down here.
There is a stone staircase leading up here.
You climb upwards.
There is a stone staircase leading down here.
A sixfirhy comes into view.
There is a stone staircase leading up, spattered with blood here.
You climb upwards.
There is a stone staircase leading down here.
(D) Dungeon (T) Temple (L) Lair (S) Swamp (N) Spider Nest (M) Slime Pits (O) Orcish Mines (E) Elven Halls (V) Vaults (C) Crypt (W) Tomb (U) Depths (H) Hell (Z) Zot
Where to? (Enter - D:1 @ (x,y), ? - help)
What level of the Dungeon? (default 15, ? - help)
There is a stone staircase leading up here.
You climb upwards.
There is a stone staircase leading down here.
There is an open gate, spattered with blood here.
Things that are here:
a +0 scimitar; a +0 cloak; a +0 long sword You see here a +2 mace of protection.
Things that are here:
a +1 cloak; a +1 vampiric long sword; a +1 cloak You see here a +0 glaive.
There is a gate leading back out of this place, spattered with blood here.
You go up through the gate.
Welcome back to the Depths!
Level annotation: exclusion: upstairs
There is a gate to the Realm of Zot, spattered with blood here.
Things that are here:
a +4 ring of protection; a ring of flight
Things that are here:
a +1 cloak; a +0 long sword You see here a +0 dire flail.
Things that are here:
a +0 cloak; a +0 whip; a +0 scimitar
There is an open door, spattered with blood here.
There is an open door here.
There is an open door here.
There is an open door here.
A hellephant comes into view.
The hellephant moves out of view.
There is a stone staircase leading up here.
The hellephant breathes flames at you. The blast of flame hits you! You resist.
You climb upwards.
There is a stone staircase leading down here.
(D) Dungeon (T) Temple (L) Lair (S) Swamp (N) Spider Nest (M) Slime Pits (O) Orcish Mines (E) Elven Halls (V) Vaults (C) Crypt (W) Tomb (U) Depths (H) Hell (Z) Zot
Where to? (Enter - D:1 @ (x,y), ? - help)
What level of the Dungeon? (default 15, ? - help)
There is an open door here.
HP restored.
Magic restored.
There is an open door here.
There is a stone staircase leading up here.
You climb upwards.
There is a stone staircase leading down here.
There is a stone staircase leading up here.
You climb upwards.
There is a stone staircase leading down here.
A hell beast comes into view.
The hell beast moves out of view.
You block the hell beast's attack. The hell beast tramples you.
You stumble backwards!
You see here 4 large rocks.
Really walk into a travel-excluded area? [Y]es or [N]o only, please.
Really walk into a travel-excluded area?
Okay, then.
Cast which spell? (? or * to list)
Aiming: Iron Shot (mildly dangerous; 1% risk of failure)
Press: ? - help, Shift-Dir - straight line, f - hell beast
Aim: a hell beast (71% to hit)
The iron shot misses the hell beast.
You block the hell beast's attack. The hell beast completely misses you.
Unknown command.
Casting: Iron Shot (mildly dangerous; 1% risk of failure)
Confirm with . or Enter, or press ? or * to list all spells.
Aiming: Iron Shot (mildly dangerous; 1% risk of failure)
Press: ? - help, Shift-Dir - straight line, f/p - hell beast
Aim: a hell beast (71% to hit)
The iron shot misses the hell beast.
The hell beast bites you!
You block the hell beast's attack. x2; The hell beast misses you.
Unknown command.
Casting: Iron Shot (mildly dangerous; 1% risk of failure)
Confirm with . or Enter, or press ? or * to list all spells.
Aiming: Iron Shot (mildly dangerous; 1% risk of failure)
Press: ? - help, Shift-Dir - straight line, f/p - hell beast
Aim: a hell beast (71% to hit)
The iron shot misses the hell beast.
You block the hell beast's attack. x2
Unknown command.
Casting: Iron Shot (mildly dangerous; 1% risk of failure)
Confirm with . or Enter, or press ? or * to list all spells.
Aiming: Iron Shot (mildly dangerous; 1% risk of failure)
Press: ? - help, Shift-Dir - straight line, f/p - hell beast
Aim: a hell beast (71% to hit)
The iron shot hits the hell beast!!!
The hell beast is heavily wounded.
You block the hell beast's attack. The hell beast tramples you.
You hold your ground!
You block the hell beast's attack. The hell beast tramples you!
You stumble backwards!
Casting: Iron Shot (mildly dangerous; 1% risk of failure)
Confirm with . or Enter, or press ? or * to list all spells.
Aiming: Iron Shot (mildly dangerous; 1% risk of failure)
Press: ? - help, Shift-Dir - straight line, f/p - hell beast
Aim: a hell beast (heavily wounded, 71% to hit)
The iron shot hits the hell beast!!!
You kill the hell beast!
Vehumet accepts your kill.
Unknown command.
There is a staircase back to the Dungeon here.
You climb upwards.
Welcome back to the Dungeon!
There is a staircase to the Depths here.
(D) Dungeon (T) Temple (L) Lair (S) Swamp (N) Spider Nest (M) Slime Pits (O) Orcish Mines (E) Elven Halls (V) Vaults (C) Crypt (W) Tomb (U) Depths (H) Hell (Z) Zot
Where to? (Enter - D:15, ? - help)
What level of the Dungeon? (default 1, ? - help)
There is an open door here.
HP restored.
There is an open door here.
There is a stone staircase leading up here.
You climb upwards.
There is a stone staircase leading down here.
A rakshasa comes into view. It is wielding a +0 long sword.
There is an escape hatch in the ceiling here.
The rakshasa weaves an illusion.
A mysterious force pulls you upwards. The hatch slams shut behind you.
(D) Dungeon (T) Temple (L) Lair (S) Swamp (N) Spider Nest (M) Slime Pits (O) Orcish Mines (E) Elven Halls (V) Vaults (C) Crypt (W) Tomb (U) Depths (H) Hell (Z) Zot
Where to? (Enter - D:1 @ (x,y), ? - help)
What level of the Dungeon? (default 1, ? - help)
There is a stone staircase leading up here.
You see here a +1 dagger of distortion.
You climb upwards.
There is a stone staircase leading down here.
An Orb Guardian comes into view.
There is an open door here.
There is an open door here.
There is an open door here.
There is a stone staircase leading up here.
You climb upwards.
There is a stone staircase leading down here.
(D) Dungeon (T) Temple (L) Lair (S) Swamp (N) Spider Nest (M) Slime Pits (O) Orcish Mines (E) Elven Halls (V) Vaults (C) Crypt (W) Tomb (U) Depths (H) Hell (Z) Zot
Where to? (Enter - D:1 @ (x,y), ? - help)
What level of the Dungeon? (default 1, ? - help) Magic restored.
There is an open door here. 2 hellwings come into view.
The hellwing gives a chilling moan. x2
Casting: Iron Shot (mildly dangerous; 1% risk of failure)
Confirm with . or Enter, or press ? or * to list all spells.
You summon a servant imbued with your destructive magic!
Casting: Spellforged Servitor (mildly dangerous; 1% risk of failure)
Confirm with . or Enter, or press ? or * to list all spells.
Aiming: Iron Shot (mildly dangerous; 1% risk of failure)
Press: ? - help, Shift-Dir - straight line, f - hellwing
Aim: a hellwing (ally target, 81% to hit)
The iron shot hits the hellwing!!!
You kill the hellwing!
Vehumet accepts your kill.
You feel your power returning.
Your spellforged servitor points at the hellwing and mumbles some strange words.
The iron shot hits the hellwing!
Casting: Iron Shot (mildly dangerous; 1% risk of failure)
Confirm with . or Enter, or press ? or * to list all spells.
Aiming: Iron Shot (mildly dangerous; 1% risk of failure)
Press: ? - help, Shift-Dir - straight line, f - hellwing
Aim: a hellwing (lightly wounded, ally target, 81% to hit)
The iron shot hits the hellwing!!!
You kill the hellwing!
Vehumet accepts your kill.
You feel your power returning.
A green death comes into view.
Casting: Iron Shot (mildly dangerous; 1% risk of failure)
Confirm with . or Enter, or press ? or * to list all spells.
Aiming: Iron Shot (mildly dangerous; 1% risk of failure)
Press: ? - help, Shift-Dir - straight line, f - green death
Aim: a green death (ally target, 88% to hit)
The iron shot hits the green death!!!
The green death is almost dead.
Your spellforged servitor points at the green death and mumbles some strange words.
The iron shot hits the green death!!
The green death dies!
Vehumet accepts your kill.
An Orb Guardian comes into view.
Your spellforged servitor gestures at the Orb Guardian while chanting.
The iron shot hits the Orb Guardian!!!
The Orb Guardian hits your spellforged servitor!
The Orb Guardian hits your spellforged servitor!!!
The Orb Guardian closely misses your spellforged servitor.
There is a stone staircase leading up here.
The Orb Guardian hits your spellforged servitor!!
Your spellforged servitor is destroyed!
Your spellforged servitor disappears in a puff of smoke!
You climb upwards.
There is a stone staircase leading down here.
(D) Dungeon (T) Temple (L) Lair (S) Swamp (N) Spider Nest (M) Slime Pits (O) Orcish Mines (E) Elven Halls (V) Vaults (C) Crypt (W) Tomb (U) Depths (H) Hell (Z) Zot
Where to? (Enter - D:1 @ (x,y), ? - help)
What level of the Dungeon? (default 1, ? - help)
There is a stone staircase leading up here.
You climb upwards.
There is a stone staircase leading down here.
A sixfirhy comes into view.
You block the sixfirhy's attack. x2
You block the sixfirhy's attack. x3
The sixfirhy hits you but does no damage.
There is a stone staircase leading up, spattered with blood here.
Casting: Iron Shot (mildly dangerous; 1% risk of failure)
Confirm with . or Enter, or press ? or * to list all spells.
Aiming: Iron Shot (mildly dangerous; 1% risk of failure)
Press: ? - help, Shift-Dir - straight line, f - sixfirhy
Aim: a sixfirhy (56% to hit)
The iron shot hits the sixfirhy!!!
You kill the sixfirhy!
Vehumet accepts your kill.
You feel your power returning.
You climb upwards.
There is a stone staircase leading down here.
(D) Dungeon (T) Temple (L) Lair (S) Swamp (N) Spider Nest (M) Slime Pits (O) Orcish Mines (E) Elven Halls (V) Vaults (C) Crypt (W) Tomb (U) Depths (H) Hell (Z) Zot
Where to? (Enter - D:1 @ (x,y), ? - help)
What level of the Dungeon? (default 1, ? - help)
A Luhyofa and a small abomination come into view.
Luhyofa moans, "Accept thy failure, thou frail ill-breeding whip-jack!"
Blink to where?
Press: ? - help, Dir - move target
As you read the scroll of blinking, it crumbles to dust.
You block the small abomination's attack.
The small abomination attacks as you move away!
You block the small abomination's attack.
There is a stone staircase leading up here.
The small abomination hits you but does no damage.
You block the small abomination's attack.
You climb upwards.
There is a stone staircase leading down here.
You puncture the small abomination!
You headbutt the small abomination, but do no damage.
The small abomination is moderately damaged.
You block the small abomination's attack.
The small abomination hits you but does no damage.
Casting: Iron Shot (mildly dangerous; 1% risk of failure)
Confirm with . or Enter, or press ? or * to list all spells.
Aiming: Iron Shot (mildly dangerous; 1% risk of failure)
Press: ? - help, Shift-Dir - straight line, f - small abomination
Aim: a small abomination (moderately damaged, 81% to hit)
The iron shot hits the small abomination!!!
You destroy the small abomination!
Vehumet accepts your kill.
You feel your power returning.
(D) Dungeon (T) Temple (L) Lair (S) Swamp (N) Spider Nest (M) Slime Pits (O) Orcish Mines (E) Elven Halls (V) Vaults (C) Crypt (W) Tomb (U) Depths (H) Hell (Z) Zot
Where to? (Enter - D:1 @ (x,y), ? - help)
What level of the Dungeon? (default 1, ? - help)
There is a stone staircase leading up here.
You climb upwards.
There is a stone staircase leading down here.
There is a stone staircase leading up here.
You climb upwards.
There is a stone staircase leading down here.
You see here 8 stones.
A red devil comes into view. It is wielding a +0 trident.
You see here a +0 whip of venom.
An Orb Guardian comes into view.
You block the Orb Guardian's attack. The Orb Guardian completely misses you.
The Orb Guardian attacks as you move away!
The Orb Guardian barely misses you. The Orb Guardian hits you!
The Orb Guardian attacks as you move away!
The Orb Guardian closely misses you.
There is a stone staircase leading up here.
Casting: Iron Shot (mildly dangerous; 1% risk of failure)
Confirm with . or Enter, or press ? or * to list all spells.
Aiming: Iron Shot (mildly dangerous; 1% risk of failure)
Press: ? - help, Shift-Dir - straight line, f - Orb Guardian
Aim: an Orb Guardian (73% to hit)
The iron shot hits the Orb Guardian!!!
The Orb Guardian is severely wounded.
You block the Orb Guardian's attack. The Orb Guardian hits you!!
Unknown command.
Casting: Iron Shot (mildly dangerous; 1% risk of failure)
Confirm with . or Enter, or press ? or * to list all spells.
Aiming: Iron Shot (mildly dangerous; 1% risk of failure)
Press: ? - help, Shift-Dir - straight line, f/p - Orb Guardian
Aim: an Orb Guardian (heavily wounded, 73% to hit)
The iron shot hits the Orb Guardian!!!
You kill the Orb Guardian!
Vehumet accepts your kill.
You feel your power returning. You block the red devil's attack.
You climb upwards.
There is a stone staircase leading down here.
(D) Dungeon (T) Temple (L) Lair (S) Swamp (N) Spider Nest (M) Slime Pits (O) Orcish Mines (E) Elven Halls (V) Vaults (C) Crypt (W) Tomb (U) Depths (H) Hell (Z) Zot
Where to? (Enter - D:1 @ (x,y), ? - help)
What level of the Dungeon? (default 1, ? - help)
There is a stone staircase leading up here.
You climb upwards.
There is a stone staircase leading down here.
HP restored.
You see here a +0 dagger.
There is a stone staircase leading up here.
You climb upwards.
There is a stone staircase leading down here.
Magic restored.
There is a stone staircase leading up here.
You climb upwards.
There is a stone staircase leading down here.
There is an open door here.
There is a fountain of clear blue water here.
There is an escape hatch in the floor here.
There is a fountain of clear blue water here.
There is a fountain of clear blue water here.
There is a fountain of clear blue water here.
There is a staircase leading out of the dungeon here.
You have escaped!

Skill      XL: |  1  2  3  4  5  6  7  8  9 10 11 12 13 14 15 16 17 18 19 20 21 22 23 24 25 26 |
---------------+-------------------------------------------------------------------------------+-----
Fighting       | 1 2 3 4 5 6 7 8 9 10 11 12 13 14 15 16 | 16.8
Stealth        | 1 2 3 4 5 |  5.0
Spellcasting   | 2 3 4 5 6 8 9 10 11 12 13 14 15 17 18 20 21 | 21.4
Dodging        | 3 4 5 6 7 8 9 10 11 14 16 | 16.7
Evocations     | 1 5 6 7 9 12 | 12.0
Shields        | 3 4 5 7 8 9 10 11 12 13 14 15 | 15.0
Conjurations   | 5 8 9 11 12 13 14 15 16 17 18 20 21 22 | 22.4
Armour         | 1 3 4 5 6 7 8 9 10 | 10.0
Ice Magic      | 5 6 9 10 11 | 11.0
Air Magic      | 1 4 6 |  6.0
Fire Magic     | 2 6 8 9 11 13 16 18 19 20 21 23 | 23.2
Earth Magic    | 6 8 9 11 12 13 14 15 | 15.6
Necromancy     | 3 |  3.5
Summonings     | 8 9 11 | 11.0
Translocations | 3 |  3.0
Ranged Weapons | |  2.6
Hexes          | |  4.0

Action                   |  1- 3 |  4- 6 |  7- 9 | 10-12 | 13-15 | 16-18 | 19-21 | 22-24 | 25-27 || total
-------------------------+-------+-------+-------+-------+-------+-------+-------+-------+-------++-------
Melee: Hand axe          |       |    31 |    20 |       |       |       |       |       |       ||    51
       Trident           |       |       |    94 |   308 |       |       |       |       |       ||   402
       Punch             |       |       |     2 |       |       |       |       |       |       ||     2
       Dagger            |       |       |       |   201 |   142 |       |       |       |       ||   343
       Flail             |       |       |       |       |    13 |     9 |       |       |       ||    22
       Short sword       |       |       |       |       |    88 |    42 |    25 |       |       ||   155
       Demon trident     |       |       |       |       |       |       |    17 |    64 |    78 ||   159
       Headbutt          |       |       |       |       |       |       |       |    14 |    22 ||    36
 Fire: Sling             |    97 |   127 |   165 |   127 |       |       |       |       |       ||   516
Throw: Dart              |       |       |    12 |    88 |    65 |       |    13 |     1 |     2 ||   181
 Cast: Slow              |    12 |    20 |    75 |    90 |    11 |       |       |       |       ||   208
       Searing Ray       |       |       |       |    34 |    18 |       |       |       |       ||    52
       Flame Wave        |       |       |       |     3 |    99 |    24 |    10 |       |       ||   136
       Freezing Cloud    |       |       |       |       |   227 |   243 |   138 |     4 |     1 ||   613
       Ozocubu's Armour  |       |       |       |       |    51 |    15 |    29 |     3 |       ||    98
       Hailstorm         |       |       |       |       |    30 |    40 |    32 |     3 |       ||   105
       Iron Shot         |       |       |       |       |     4 |   352 |   528 |   583 |   272 ||  1739
       Fireball          |       |       |       |       |       |    20 |    36 |    28 |       ||    84
       Lee's Rapid Decon |       |       |       |       |       |     5 |     2 |   135 |       ||   142
       Ignition          |       |       |       |       |       |       |    17 |    65 |    43 ||   125
       Sublimation of Bl |       |       |       |       |       |       |     2 |    50 |    10 ||    62
       Spellforged Servi |       |       |       |       |       |       |       |    24 |    80 ||   104
 Abil: Evoke Blink       |       |       |       |       |     4 |     3 |     2 |     3 |       ||    12
Evoke: Wand              |       |       |     5 |       |    15 |    20 |    18 |     4 |    14 ||    76
       Tin of tremorston |       |       |       |       |       |     2 |       |       |       ||     2
       Lightning rod     |       |       |       |       |       |       |       |     2 |       ||     2
       Phantom mirror    |       |       |       |       |       |       |       |       |     2 ||     2
       Box of beasts     |       |       |       |       |       |       |       |       |     1 ||     1
  Use: Scroll            |       |       |     9 |    10 |    13 |    11 |     5 |     8 |     7 ||    63
       Potion            |       |       |     2 |     5 |       |     3 |     3 |    10 |     9 ||    32
 Stab: Sleeping          |       |       |       |       |     2 |       |       |       |       ||     2
       Paralysed         |       |       |       |       |       |    16 |       |       |       ||    16
       Distracted        |       |       |       |       |       |       |       |       |     4 ||     4
Armor: Robe              |     6 |    17 |    24 |       |       |       |       |       |       ||    47
       Steam dragon scal |       |       |     9 |     8 |       |       |       |       |       ||    17
       Ring mail         |       |       |       |   102 |    50 |       |       |       |       ||   152
       Swamp dragon scal |       |       |       |       |   139 |   188 |   126 |   196 |    52 ||   701
Dodge: Dodged            |    30 |    42 |   103 |   220 |   198 |   173 |   119 |   130 |    59 ||  1074
Block: Kite shield       |       |       |       |   277 |   295 |   238 |   273 |   214 |   101 ||  1398

Levels and vault maps discovered:
D:1:      lemuel_arrival_hallway, layout_basic, serial_shops,
          nicolae_shop_hallway_stairs
D:2:      layout_basic, chequers_ecumenical_altar_simple, basic_altar,
          uniq_jessica
D:3:      layout_loops_ring
D:4:      layout_basic, nzn_wu_jian_contemplation, minitemple, serial_shops,
          nicolae_shop_crystal, nicolae_shop_window_shopping,
          kennysheep_little_box, shop, shop, grunt_ministairs_12,
          corexii_hall_statues_deadend
D:5:      layout_cave_pods, gammafunk_ghost_abyssal_escape
D:6:      layout_basic, minmay_temple_entry_gardened_gates,
          grunt_decor_mini_mirrors
D:7:      hangedman_cross_stitches, layout_gridville
D:8:      layout_loops_ring, dpeg_oklobed_lair, ebering_ghost_rock_garden,
          minivault_21, minmay_misc_feat_enclosed
D:9:      layout_cave_pools, gammafunk_temple_overflow_statue
D:10:     layout_roguey
D:11:     layout_irregular_city, portal_ice_cave_demonic_guard
D:12:     layout_grid_maze, orc_0_dummy, st_stairs_12,
          hellmonk_bongcloud_opening, slow_altar_1
D:13:     layout_rooms, gammafunk_ghost_grave, serial_shops, shop_fountains,
          elves_outpost_lemuel, uniq_kirke, uniq_sonja
D:14:     layout_basic, ximxim_vaults_locker_room, fedhas_altar_3,
          uniq_josephine
D:15:     grunt_enter_depths_snipers, layout_loops_ring, ashenzari_altar_1
Temple:   nicolae_temple_elliptical
Lair:1:   beast_lair_carwin_large_3, layout_concentric_octagons
Lair:2:   layout_loops_ring, wad_woods_river_01, serial_bayou_shore_b,
          grunt_megastairs_1
Lair:3:   layout_regular_city, nicolae_swamp_entry_splash_gauntlet,
          dummy_spider_entry
Lair:4:   layout_cave_pods, slime_entry_1, lightli_volcano_entry_magma_tube,
          beast_lair_carwin_1
Lair:5:   guppyfry_lair_end_dragon, layout_hall_layers, hangedman_lair_in_review
Swamp:1:  gammafunk_mikee_crab_dinner, layout_falls_marsh,
          evilmike_swamp_ruin_rubble_1, swamp_pool1, uniq_louise
Swamp:2:  layout_falls_marsh, hangedman_swamp_lotus, uniq_mlioglotl
Swamp:3:  layout_basic_swamp, hangedman_swamp_blocks, swamp_pool1,
          infiniplex_staircase_pool
Swamp:4:  swamp, layout_basic_swamp, swamp_pool3, roderic_carrion_pond
Spider:1: layout_spider_delve, uniq_agnes, uniq_roxanne, uniq_frances
Spider:2: layout_spider_delve, uniq_arachne
Spider:3: layout_spider_delve, nicolae_spider_twisty_arc_passages, uniq_asterion
Spider:4: hellmonk_spider_rune_bug_friends
Slime:1:  layout_caves, cheibrodos_slime_lost_civilization_4
Slime:2:  layout_caves
Slime:3:  layout_caves
Slime:4:  layout_caves
Slime:5
Orc:1:    layout_diamond_mine
Orc:2:    st_orc_elflike, layout_caves
Elf:1:    eino_elf_arrival_altar, layout_loops_cross, serial_shops,
          nicolae_shop_bloodbath_and_beyond, minmay_elf_demonology,
          nicolae_shop_clearance, minmay_shop_grove
Elf:2:    nicolae_elf_blades_crystal_corner, layout_gridlike,
          hellmonk_ghost_big_iron
Elf:3:    elf_hall, layout_loops_cross, serial_shops, shop
Vaults:1: vaults_room_grunt_arrival_checkpoint, nicolae_vaults_an_arrangement,
          ontoclasm_vaults_fault, v_misc_27, v_misc_3, vaults_room_corners,
          v_misc_1, v_misc_30, nicolae_vaults_little_ls, ontoclasm_vaults_idyll,
          layout_vaults_ring, serial_shops, shop, uniq_aizul
Vaults:2: ebering_ghost_reflecting_pool, nicolae_vaults_network_s,
          minmay_crypt_entry_simple_walls, ontoclasm_vaults_gateway,
          vaults_room_ringed_pool, hangedman_vaults_hat,
          vaults_standard_mumra_x, vaults_dpeg_doors, vaults_room_fours,
          vaults_room_corners, nicolae_vaults_halls_meeting,
          nicolae_vaults_little_squares_3, v_pattern_4, layout_vaults_omnigrid,
          serial_shops, shop
Vaults:3: v_pattern_1, hangedman_vaults_snaps, vaults_room_pools,
          vaults_dpeg_encased_lava, vaults_mumra_hexcomb,
          nicolae_vaults_circle_grid_a, v_misc_27,
          nicolae_vaults_little_squares_5, nicolae_vaults_little_squares_3,
          nicolae_vaults_what_the_h, v_rooms_2, serial_ice_h,
          ontoclasm_vaults_ligature, layout_vaults_omnicross
Vaults:4: hangedman_vaults_corner, v_misc_11, ontoclasm_vaults_hangar,
          ontoclasm_vaults_gallery, hangedman_vaults_slice,
          nicolae_vaults_asterisk, nicolae_vaults_little_squares_1,
          vaults_room_corners, vaults_room_semicircle, vaults_room_door_ring,
          v_misc_30, layout_vaults_chaotic_city, uniq_zenata, uniq_margery,
          uniq_saint_roka, uniq_donald
Vaults:5
Crypt:1:  layout_misc_corridors, small_chamber_with_monster, grunt_megastairs_5,
          grunt_crypt_arrival_split, uniq_xtahua
Crypt:2:  layout_chaotic_city, grunt_megastairs_3
Crypt:3:  church_of_pain_bobbens, layout_chaotic_city,
          tomb_entry_forgotten_bobbens, lemuel_hellish_altar
Depths:1: layout_big_octagon, hellmouth_2, grunt_dithmenos_smoke,
          lemuel_flamethrower_2, uniq_sojobo
Depths:2: minmay_the_grid_ultimate [minmay_the_grid_prize_shrinking_boxes,
          minmay_the_grid_prize_trominoes, minmay_the_grid_prize_trominoes,
          minmay_the_grid_prize_diamond_cup,
          minmay_the_grid_square_5x5_checkered_statues,
          minmay_the_grid_square_5x5_lines,
          minmay_the_grid_square_5x5_tri_point, minmay_the_grid_square_5x5_z,
          minmay_the_grid_square_5x5_n_small,
          minmay_the_grid_square_5x5_six_small,
          minmay_the_grid_square_5x5_minimal,
          minmay_the_grid_square_5x5_inner_v,
          minmay_the_grid_square_5x5_broken_cross,
          minmay_the_grid_square_5x5_minivault,
          minmay_the_grid_square_5x5_beaten_path,
          minmay_the_grid_square_5x5_half_checkered,
          minmay_the_grid_square_5x5_inner_z, minmay_the_grid_square_5x5_seven,
          minmay_the_grid_square_5x5_three,
          minmay_the_grid_triangle_9x9_skeleton,
          minmay_the_grid_triangle_9x9_shrine,
          minmay_the_grid_triangle_9x9_alien,
          minmay_the_grid_triangle_9x9_minimal,
          minmay_the_grid_triangle_9x9_intruding_spiral,
          minmay_the_grid_triangle_9x9_limited_checkers,
          minmay_the_grid_triangle_9x9_corrupted_corridor,
          minmay_the_grid_triangle_9x9_sparse_checkered,
          minmay_the_grid_triangle_9x9_dagger,
          minmay_the_grid_triangle_9x9_zippers_horizontal,
          minmay_the_grid_triangle_9x9_sprig,
          minmay_the_grid_triangle_9x9_wacky_v,
          minmay_the_grid_triangle_9x9_semitri,
          minmay_the_grid_triangle_9x9_from_above,
          minmay_the_grid_triangle_9x9_zippers_vertical,
          minmay_the_grid_triangle_9x9_warning,
          minmay_the_grid_square_5x5_spiral_small, minmay_the_grid_octo_empty,
          minmay_the_grid_octo_clover, minmay_the_grid_octo_shrine,
          minmay_the_grid_octo_odd_swirl, minmay_the_grid_octo_checkered,
          minmay_the_grid_octo_empty, minmay_the_grid_octo_fan_narrow,
          minmay_the_grid_octo_checkerflower,
          minmay_the_grid_minigrid_small_alt, minmay_the_grid_outer_diamond,
          minmay_the_grid_rooms, minmay_the_grid_diamond_grid], hell_entry,
          pan_entry
Depths:3: minmay_swirls_squares, layout_honeycomb, enter_ziggurat_a, hell_entry,
          abyss_entry, firewood_loft, uniq_josephina
Depths:4: grunt_zot_entry_bicorn, layout_gridville, hangedman_coc_ice_floe,
          nicolae_abyss_entry_one_way_or_another,
          hangedman_abyss_or_decor_passed
Zot:1:    ebering_greatest_show_in_zot, layout_basic,
          hangedman_elemental_grid_stream
Zot:2:    layout_cathedral_of_symmetry
Zot:3:    layout_onion_interference, nicolae_transmutations_shop, uniq_grunn
Zot:4:    kennysheep_bubbly, layout_concentric_octagons
Zot:5:    layout_basic, nrook_zot_tub

Notes
Turn   | Place    | Note
-------+----------+-------------------------------------------
     0 | D:1      | scionoferis the Deep Elf Arcane Marksman began the quest
                  | for the Orb.
     0 | D:1      | Reached XP level 1. HP: 11/11 MP: 5/5
    69 | D:1      | Reached skill level 1 in Fighting
   122 | D:1      | Found Deyp's Jewellery Shoppe.
   185 | D:1      | Reached skill level 1 in Stealth
   185 | D:1      | Reached skill level 2 in Spellcasting
   185 | D:1      | Reached XP level 2. HP: 16/16 MP: 7/7
   877 | D:2      | Found a faded altar of an unknown god.
   947 | D:2      | Noticed Jessica
   951 | D:2      | Killed Jessica
   952 | D:2      | Reached skill level 3 in Dodging
   952 | D:2      | Reached XP level 3. HP: 20/20 MP: 5/8
  1041 | D:2      | Reached skill level 2 in Stealth
  1534 | D:2      | Reached XP level 4. HP: 23/25 MP: 10/10
  1559 | D:2      | Found a sacrificial altar of Ru.
  1569 | D:2      | You fall into a shaft and drop 1 floor!
  1749 | D:2      | Identified the +1 robe "Karghyss" {Str+7}
  1820 | D:3      | Reached skill level 3 in Spellcasting
  2439 | D:4      | Found Xigi's Weapon Emporium.
  2575 | D:4      | Found an ornate altar of the Wu Jian Council.
  2589 | D:4      | Reached skill level 2 in Fighting
  2691 | D:4      | Reached skill level 3 in Stealth
  2691 | D:4      | Reached XP level 5. HP: 25/30 MP: 10/12
  2896 | D:4      | Found Loeqim's Distillery.
  2901 | D:4      | Bought a potion of curing for 33 gold pieces
  2901 | D:4      | Bought a potion of heal wounds for 55 gold pieces
  2907 | D:4      | Found Ydew's Jewellery Shop.
  2930 | D:4      | Reached skill level 4 in Dodging
  3062 | D:4      | Reached skill level 4 in Spellcasting
  3062 | D:4      | Reached XP level 6. HP: 36/36 MP: 12/14
  3112 | D:4      | Found Lashutseshre's Antique Weapon Emporium.
  3290 | D:4      | Found Yhix Ykh's Weapon Shop.
  3373 | D:4      | Reached skill level 4 in Stealth
  3512 | D:4      | Found a broken altar of Ashenzari.
  3674 | D:4      | Found a shimmering blue altar of Sif Muna.
  3675 | D:4      | Found a shadowy altar of Dithmenos.
  3714 | D:5      | Entered Level 5 of the Dungeon
  4286 | D:5      | Reached skill level 5 in Spellcasting
  4407 | D:5      | Reached skill level 3 in Fighting
  4407 | D:5      | Reached skill level 5 in Dodging
  4407 | D:5      | Reached XP level 7. HP: 31/41 MP: 16/16
  4703 | D:5      | Reached skill level 5 in Stealth
  5169 | D:5      | Found a transporter.
  5232 | D:5      | Found a transporter.
  5279 | D:5      | Reached skill level 6 in Spellcasting
  5775 | D:5      | Found a one-way gate to the infinite horrors of the Abyss.
  5808 | D:5      | Reached skill level 6 in Dodging
  5834 | D:5      | Reached skill level 1 in Evocations
  5848 | D:5      | Reached XP level 8. HP: 48/48 MP: 19/19
  5917 | D:5      | Noticed an ancient zyme
  5918 | D:5      | Noticed KittyFluff's ghost (novice GrBe)
  6073 | D:6      | Reached skill level 4 in Fighting
  6185 | D:6      | Reached skill level 2 in Evocations
  6476 | D:6      | Reached skill level 7 in Spellcasting
  6476 | D:6      | Reached skill level 3 in Evocations
  6597 | D:6      | Found a staircase to the Ecumenical Temple.
  6606 | Temple   | Entered the Ecumenical Temple
  6750 | Temple   | Became a worshipper of Vehumet
  7142 | D:6      | Reached skill level 4 in Evocations
  7173 | D:7      | Reached skill level 7 in Dodging
  7556 | D:7      | Noticed a komodo dragon
  7596 | D:7      | Killed a komodo dragon
  7597 | D:7      | Reached skill level 8 in Spellcasting
  7597 | D:7      | Reached skill level 5 in Evocations
  7597 | D:7      | Reached XP level 9. HP: 53/53 MP: 21/23
  7893 | D:7      | Reached * piety under Vehumet
  7893 | D:7      | Offered knowledge of Magic Dart by Vehumet.
  8125 | D:7      | Reached skill level 5 in Fighting
  8209 | D:7      | Reached skill level 6 in Evocations
  8309 | D:7      | Reached skill level 1 in Shields
  8663 | D:7      | Reached skill level 8 in Dodging
  9008 | D:8      | Found a runed translucent gate.
  9008 | D:8      | Found a runed translucent gate.
  9008 | D:8      | Found a runed translucent gate.
  9040 | D:8      | Reached skill level 2 in Shields
  9076 | D:8      | Noticed safid's ghost (novice MiHu)
  9346 | D:8      | Reached skill level 9 in Spellcasting
  9358 | D:8      | Reached skill level 3 in Shields
  9397 | D:8      | Reached XP level 10. HP: 50/60 MP: 25/25
  9466 | D:8      | Reached ** piety under Vehumet
  9479 | D:8      | Offered knowledge of Searing Ray by Vehumet.
  9491 | D:8      | Learned a level 2 spell: Searing Ray
  9844 | D:8      | Found a staircase to the Lair.
  9975 | D:8      | Identified a +2 robe of the Archmagi
 10162 | D:8      | Reached skill level 1 in Conjurations
 10633 | D:9      | Noticed a two-headed ogre
 10999 | D:8      | Killed a two-headed ogre
 11000 | D:8      | Reached skill level 2 in Conjurations
 11098 | D:8      | Reached skill level 9 in Dodging
 11315 | D:8      | Reached skill level 6 in Fighting
 11315 | D:8      | Reached skill level 3 in Conjurations
 11633 | D:9      | Reached skill level 4 in Shields
 11678 | D:9      | Reached skill level 4 in Conjurations
 11685 | D:9      | Reached skill level 1 in Armour
 11718 | D:9      | Offered knowledge of Ignite Poison by Vehumet.
 11719 | D:9      | Reached skill level 10 in Spellcasting
 11747 | D:9      | HP: 3/60 [something (9)]
 12185 | D:5      | Killed KittyFluff's ghost
 12207 | D:5      | HP: 6/60 [ancient zyme (9)]
 12796 | D:7      | Reached skill level 5 in Conjurations
 13143 | Lair:1   | Entered Level 1 of the Lair of Beasts
 13198 | Lair:1   | HP: 6/61 [komodo dragon (24)]
 13495 | Lair:1   | Noticed a seven-headed hydra
 13533 | Lair:1   | Noticed a cane toad
 13559 | Lair:1   | Killed a cane toad
 13560 | Lair:1   | Reached XP level 11. HP: 48/66 MP: 27/27
 13657 | Lair:1   | Reached skill level 2 in Armour
 13688 | Lair:1   | Reached *** piety under Vehumet
 13949 | Lair:1   | Reached skill level 6 in Conjurations
 14164 | Lair:1   | Offered knowledge of Dazzling Flash by Vehumet.
 14165 | Lair:1   | Reached skill level 10 in Dodging
 14750 | Lair:1   | Reached skill level 5 in Shields
 15378 | Lair:2   | Reached skill level 3 in Armour
 15378 | Lair:2   | Reached skill level 7 in Conjurations
 15524 | Lair:2   | Reached skill level 7 in Fighting
 16601 | Lair:3   | Reached skill level 8 in Conjurations
 17025 | Lair:3   | Noticed a bog body
 17085 | Lair:3   | Reached **** piety under Vehumet
 17278 | Lair:3   | Reached XP level 12. HP: 49/72 MP: 28/28
 17282 | Lair:3   | Reached skill level 4 in Armour
 17482 | Lair:3   | Identified the ring "Tidojek" {Fly rN+ Str+4 Int+2 Stlth+}
 17562 | Lair:3   | Found a hole to the Spider Nest.
 17608 | Lair:3   | Learned a level 3 spell: Ozocubu's Armour
 17983 | Lair:4   | Found a staircase to the Slime Pits.
 17990 | Lair:4   | Reached skill level 6 in Shields
 18047 | Lair:4   | Reached skill level 1 in Ice Magic
 18053 | Lair:4   | Reached skill level 11 in Spellcasting
 18056 | Lair:4   | Identified the +10 dagger "Zanunn" {freeze, rN+ rCorr}
 18076 | Lair:4   | Found a dark tunnel.
 18099 | Volcano  | Entered a volcano
 18370 | Lair:4   | HP: 7/72 [poisoned by a gargoyle]
 18375 | Lair:4   | HP: 3/72 [poisoned by a gargoyle]
 18986 | Lair:4   | Reached skill level 2 in Ice Magic
 19407 | Lair:4   | Reached skill level 3 in Ice Magic
 19494 | Lair:4   | Noticed a seven-headed hydra
 19568 | Lair:4   | Noticed a boulder beetle
 19581 | Lair:4   | Killed a boulder beetle
 19591 | Lair:4   | HP: 5/73 [cane toad (11)]
 19964 | Lair:4   | Noticed a boulder beetle
 20010 | Lair:4   | Killed a boulder beetle
 20010 | Lair:4   | Offered knowledge of Freezing Cloud by Vehumet.
 20014 | Lair:4   | Reached skill level 4 in Ice Magic
 20026 | Lair:3   | Learned a level 5 spell: Freezing Cloud
 20717 | Lair:4   | Reached skill level 1 in Air Magic
 20718 | Lair:4   | Reached skill level 7 in Shields
 20718 | Lair:4   | Reached skill level 9 in Conjurations
 21127 | Lair:4   | Reached skill level 5 in Ice Magic
 21283 | Lair:5   | Entered Level 5 of the Lair of Beasts
 21555 | Lair:5   | Learned a level 4 spell: Flame Wave
 21586 | Lair:5   | Noticed a four-headed hydra
 21621 | Lair:5   | Reached skill level 1 in Fire Magic
 21808 | Lair:5   | Reached skill level 2 in Fire Magic
 21852 | Lair:5   | Reached XP level 13. HP: 42/78 MP: 30/30
 22067 | Lair:5   | Reached skill level 12 in Spellcasting
 22273 | Lair:5   | Reached skill level 3 in Fire Magic
 22422 | Lair:5   | Reached skill level 4 in Fire Magic
 22537 | Lair:5   | HP: 4/78 [death yak (16)]
 22891 | Lair:5   | Reached skill level 5 in Fire Magic
 22902 | Lair:5   | Reached skill level 10 in Conjurations
 23314 | Lair:5   | Reached skill level 2 in Air Magic
 23367 | Lair:5   | Noticed a dire elephant
 23605 | Lair:5   | HP: 3/78 [lindwurm (5)]
 24329 | Lair:5   | Noticed a fire dragon
 24562 | Lair:4   | Reached skill level 6 in Fire Magic
 24860 | D:1      | Bought a ring of protection from cold for 250 gold pieces
 24943 | D:4      | Bought a transparent short sword for 256 gold pieces
 24943 | D:4      | Identified the +4 short sword "Giedeeb" {holy, Will+ rCorr}
                  | (You bought it in a shop on level 4 of the Dungeon)
 24943 | D:4      | Bought an encrusted flail for 272 gold pieces
 24943 | D:4      | Identified the +6 flail of Jempuf {freeze, +Blink SInv}
                  | (You bought it in a shop on level 4 of the Dungeon)
 24966 | D:4      | Bought a potion of curing for 33 gold pieces
 24966 | D:4      | Bought a potion of invisibility for 88 gold pieces
 25081 | Lair:1   | Reached skill level 3 in Air Magic
 25157 | Lair:3   | Reached skill level 5 in Armour
 25158 | Lair:3   | Reached skill level 6 in Ice Magic
 25806 | Lair:3   | Found a staircase to the Swamp.
 26125 | Lair:5   | Killed a fire dragon
 26669 | Lair:5   | Reached skill level 11 in Conjurations
 26967 | Lair:5   | Killed a dire elephant
 27293 | Lair:5   | Reached skill level 4 in Air Magic
 27293 | Lair:5   | HP: 5/78 [rime drake/flash freeze (8)]
 27628 | Lair:5   | Identified the +9 mace of Hacking and Slashing {venom, Fly
                  | rElec rF- Dex+6}
 27807 | D:8      | Killed safid's ghost
 28095 | D:9      | Identified the +4 scale mail of Janedd {rC+ Str-3 Int+2}
 28273 | D:9      | Found a sparkling altar of Nemelex Xobeh.
 28273 | D:9      | Found a blossoming altar of Fedhas.
 28351 | D:10     | Entered Level 10 of the Dungeon
 28996 | D:10     | Reached ***** piety under Vehumet
 28996 | D:10     | Offered knowledge of Hailstorm by Vehumet.
 29028 | D:10     | Reached XP level 14. HP: 60/83 MP: 29/32
 29234 | D:11     | Found a frozen archway.
 29242 | D:11     | Reached skill level 7 in Fire Magic
 29253 | IceCv    | Entered an ice cave
 29475 | IceCv    | Learned a level 4 spell: Hailstorm
 29621 | IceCv    | Reached skill level 8 in Fighting
 29815 | IceCv    | Reached skill level 7 in Ice Magic
 30265 | IceCv    | Identified the ring of Greed {+Blink rCorr Int+6}
 30539 | D:11     | Identified 2 potions of resistance
 31050 | D:12     | Found a staircase to the Orcish Mines.
 31311 | D:12     | Reached skill level 6 in Armour
 31419 | D:12     | Found a snail-covered altar of Cheibriados.
 31582 | D:12     | Reached skill level 5 in Air Magic
 31590 | D:12     | Offered knowledge of Sticky Flame by Vehumet.
 32443 | Orc:1    | Entered Level 1 of the Orcish Mines
 32521 | Orc:1    | Reached skill level 8 in Ice Magic
 32692 | Orc:1    | Identified a +1 robe of the Archmagi
 32960 | Orc:2    | Entered Level 2 of the Orcish Mines
 32969 | Orc:2    | Reached skill level 8 in Shields
 33383 | Orc:2    | Found a staircase to the Elven Halls.
 33960 | Orc:2    | Found Xenidiaf's Distillery.
 34048 | Orc:2    | Reached skill level 8 in Fire Magic
 34204 | Orc:2    | Offered knowledge of Iskenderun's Battlesphere by Vehumet.
 34305 | Orc:2    | Reached skill level 9 in Ice Magic
 34820 | Orc:2    | Found Woluac's Armour Shoppe.
 34830 | Orc:2    | Found Beaces's Distillery.
 34838 | Orc:2    | Found Soxamask's Assorted Antiques.
 34856 | Orc:2    | Bought a crude leather armour for 182 gold pieces
 34856 | Orc:2    | Identified the +0 leather armour "Cergh" {Harm Rampage
                  | rElec} (You bought it in a shop on level 2 of the Orcish
                  | Mines)
 34871 | Orc:2    | Bought a potion of brilliance for 68 gold pieces
 34871 | Orc:2    | Bought a potion of mutation for 136 gold pieces
 34871 | Orc:2    | Bought a potion of degeneration for 17 gold pieces
 34989 | D:13     | Noticed Sonja
 34990 | D:13     | Reached skill level 12 in Conjurations
 34990 | D:13     | Reached skill level 6 in Air Magic
 35175 | D:13     | Killed Sonja
 35176 | D:13     | Reached XP level 15. HP: 70/89 MP: 30/33
 35792 | D:13     | Found a runed translucent door.
 35793 | D:13     | Noticed safid's ghost (novice MiHu)
 35855 | D:13     | Found Asche's Armour Shoppe.
 36094 | D:13     | Noticed Kirke
 36098 | D:13     | Reached skill level 10 in Ice Magic
 36654 | D:13     | Reached skill level 7 in Armour
 36663 | D:13     | Killed Kirke
 36664 | D:13     | Reached skill level 9 in Fighting
 37058 | D:13     | Killed safid's ghost
 37240 | D:14     | Offered knowledge of Iron Shot by Vehumet.
 37248 | D:14     | Learned a level 6 spell: Iron Shot
 37370 | D:14     | Reached skill level 1 in Earth Magic
 37437 | D:14     | Noticed Josephine
 37444 | D:14     | Killed Josephine
 37445 | D:14     | Reached skill level 2 in Earth Magic
 37734 | D:14     | Found a blossoming altar of Fedhas.
 37892 | D:14     | Reached skill level 3 in Earth Magic
 38361 | D:14     | Reached skill level 9 in Shields
 38391 | D:14     | Reached skill level 4 in Earth Magic
 38599 | D:14     | Found a gate to the Vaults.
 38657 | D:15     | Entered Level 15 of the Dungeon
 38657 | D:15     | Found a broken altar of Ashenzari.
 39371 | D:15     | Reached skill level 5 in Earth Magic
 39416 | D:15     | Found a staircase to the Depths.
 40779 | Swamp:1  | Entered Level 1 of the Swamp
 41064 | Swamp:1  | Reached skill level 13 in Spellcasting
 41715 | Lair:3   | Reached skill level 6 in Earth Magic
 41806 | Lair:3   | Reached XP level 16. HP: 82/96 MP: 24/35
 42093 | Swamp:1  | Noticed Louise
 42138 | Swamp:1  | Killed Louise
 42139 | Swamp:1  | Reached skill level 8 in Armour
 42402 | Swamp:1  | Noticed a tentacled monstrosity
 42409 | Swamp:1  | Killed a tentacled monstrosity
 42578 | Swamp:1  | Found a runed translucent door.
 42852 | Swamp:2  | Reached skill level 7 in Earth Magic
 43171 | Swamp:2  | Noticed Mlioglotl
 43279 | Swamp:2  | Offered knowledge of Fireball by Vehumet.
 43286 | Swamp:2  | Learned a level 5 spell: Fireball
 43516 | Swamp:2  | Killed Mlioglotl
 44046 | Swamp:3  | Reached skill level 10 in Fighting
 44131 | Swamp:3  | Reached skill level 7 in Evocations
 44495 | Swamp:1  | Reached skill level 8 in Earth Magic
 45078 | Swamp:1  | Identified the +5 longbow of Mordant Valour {venom, Str+3
                  | Int+3}
 45206 | Swamp:4  | Entered Level 4 of the Swamp
 45306 | Swamp:3  | Reached skill level 11 in Ice Magic
 45406 | Swamp:4  | Identified the +2 leather armour of Hedonism {Drain Fly
                  | rF++ rCorr}
 45555 | Swamp:4  | Reached skill level 9 in Fire Magic
 45827 | Swamp:4  | Noticed a thorn hunter
 45830 | Swamp:4  | Killed a thorn hunter
 45952 | Swamp:3  | Offered knowledge of Lee's Rapid Deconstruction by Vehumet.
 45996 | Swamp:4  | Noticed a thorn hunter
 46019 | Swamp:4  | Killed a thorn hunter
 46022 | Swamp:4  | Reached skill level 10 in Shields
 46076 | Swamp:4  | Reached XP level 17. HP: 102/102 MP: 28/36
 46098 | Swamp:4  | Reached skill level 14 in Spellcasting
 46463 | Swamp:4  | Got a decaying rune of Zot
 46674 | Spider:1 | Entered Level 1 of the Spider Nest
 46676 | Spider:1 | Noticed Frances
 46685 | Spider:1 | Killed Frances
 46690 | Spider:1 | Reached skill level 13 in Conjurations
 46831 | Spider:1 | Noticed Roxanne
 46839 | Spider:1 | Learned a level 5 spell: Lee's Rapid Deconstruction
 46843 | Spider:1 | Killed Roxanne
 46943 | Spider:1 | Reached skill level 9 in Earth Magic
 46952 | Spider:1 | Noticed Agnes
 46962 | Spider:1 | Killed Agnes
 47040 | Spider:1 | Reached skill level 10 in Fire Magic
 47040 | Spider:1 | Reached skill level 8 in Evocations
 48086 | Spider:1 | Reached skill level 9 in Armour
 49024 | Spider:2 | Noticed Arachne
 49114 | Spider:2 | Killed Arachne
 49632 | Spider:3 | Reached skill level 11 in Fire Magic
 49658 | Spider:3 | Noticed Asterion
 49781 | Spider:3 | Reached ****** piety under Vehumet
 51181 | Spider:3 | Killed Asterion
 51238 | Spider:4 | Entered Level 4 of the Spider Nest
 51361 | Spider:3 | Reached skill level 9 in Evocations
 51507 | Spider:4 | Offered knowledge of Starburst by Vehumet.
 51590 | Spider:4 | Reached XP level 18. HP: 107/107 MP: 24/38
 51871 | Spider:4 | Identified the +2 long sword of Focus {spect, rElec Dex+5}
 51925 | Spider:4 | Reached skill level 10 in Earth Magic
 51929 | Spider:4 | Reached skill level 15 in Spellcasting
 52579 | Spider:4 | Reached skill level 12 in Fire Magic
 52813 | Spider:4 | Got a gossamer rune of Zot
 53393 | Vaults:1 | Entered Level 1 of the Vaults
 53394 | Vaults:1 | Paralysed by a great orb of eyes for 4 turns
 53697 | Vaults:1 | Reached skill level 14 in Conjurations
 53996 | Vaults:1 | Noticed Aizul
 54001 | Vaults:1 | Killed Aizul
 54151 | Vaults:1 | Found Veani Gimi's Assorted Antiques.
 54180 | Vaults:1 | Bought a shiny helmet for 330 gold pieces
 54536 | Vaults:1 | Offered knowledge of Shatter by Vehumet.
 54536 | Vaults:1 | Offered knowledge of Chain Lightning by Vehumet.
 54536 | Vaults:1 | Offered knowledge of Ignition by Vehumet.
 54537 | Vaults:1 | Reached skill level 11 in Shields
 55059 | Vaults:1 | Reached skill level 10 in Armour
 55134 | Vaults:1 | Reached skill level 13 in Fire Magic
 55492 | Vaults:1 | Reached skill level 11 in Earth Magic
 56310 | Vaults:2 | Found a runed translucent door.
 56312 | Vaults:2 | Noticed jlumianski's ghost (veteran KoBe)
 56355 | Vaults:2 | Reached XP level 19. HP: 89/112 MP: 29/40
 56532 | Vaults:2 | Reached skill level 16 in Spellcasting
 56771 | Vaults:2 | Identified the +8 plate armour "Pimik" {Int+7}
 57202 | Vaults:2 | Found a staircase to the Crypt.
 57393 | Vaults:2 | Reached skill level 14 in Fire Magic
 57472 | Vaults:2 | Found Taps's Book Shop.
 57822 | Vaults:2 | Reached skill level 15 in Conjurations
 58303 | Vaults:2 | Identified the +11 rapier "Hointuydd" {venom, Str+4}
 58592 | Vaults:2 | Killed jlumianski's ghost
 58717 | Vaults:2 | Identified the +4 cloak of Xeuruffa {Harm rC- Str-2 SInv}
 59086 | Vaults:3 | Reached skill level 12 in Earth Magic
 59476 | Vaults:3 | Reached skill level 15 in Fire Magic
 60099 | Vaults:3 | Reached skill level 17 in Spellcasting
 60108 | Vaults:3 | Reached skill level 12 in Shields
 60856 | Vaults:3 | Reached skill level 16 in Fire Magic
 60857 | Vaults:3 | Reached XP level 20. HP: 88/117 MP: 25/43
 60986 | Vaults:3 | Learned a level 8 spell: Ignition
 61141 | Vaults:4 | Noticed Margery
 61390 | Vaults:4 | Noticed Saint Roka
 61392 | Vaults:4 | Noticed Zenata
 61408 | Vaults:4 | Killed Saint Roka
 61665 | Vaults:4 | Killed Zenata
 62169 | Vaults:4 | Noticed Donald
 62174 | Vaults:4 | Killed Donald
 62705 | Vaults:4 | Reached skill level 18 in Spellcasting
 62835 | Vaults:4 | Killed Margery
 62836 | Vaults:4 | Reached skill level 17 in Fire Magic
 63623 | Vaults:4 | Noticed an ancient lich
 63628 | Vaults:4 | Killed an ancient lich
 64492 | Orc:2    | Bought the +18 shield of the Gong {rElec rN+ Will+ EV-5}
                  | for 1459 gold pieces
 64492 | Orc:2    | Found the +18 shield of the Gong {rElec rN+ Will+ EV-5}
 64556 | Elf:1    | Entered Level 1 of the Elven Halls
 64582 | Elf:1    | Reached skill level 13 in Shields
 64624 | Elf:1    | Found a radiant altar of Vehumet.
 65015 | Elf:1    | Reached skill level 18 in Fire Magic
 65432 | Elf:1    | Found Waesuda's CLEARANCE SALE!.
 65528 | Elf:1    | Found Zenaocs's Weapon Shoppe.
 65642 | Elf:1    | Identified the +2 ring mail of Narcissism {rElec rPois
                  | Int-5 SInv}
 65697 | Elf:1    | Found Wener's Book Boutique.
 65699 | Elf:1    | Found Butizeev's Jewellery Emporium.
 65700 | Elf:1    | Found Lyufin's Book Boutique.
 65864 | Elf:2    | Found a runed translucent door.
 65871 | Elf:2    | Noticed warriortoast's ghost (adept DrCj)
 66214 | Elf:2    | Found a runed translucent gate.
 66215 | Elf:2    | Found a runed translucent gate.
 66215 | Elf:2    | Found a runed translucent gate.
 66822 | Elf:3    | Entered Level 3 of the Elven Halls
 66849 | Elf:3    | Reached XP level 21. HP: 93/123 MP: 23/45
 67053 | Elf:3    | Learned a level 1 spell: Apportation
 67154 | Elf:3    | Reached skill level 19 in Spellcasting
 67489 | Elf:3    | Identified the amulet "Buxih" {Acrobat Harm rC+ Int+4}
 67584 | Elf:3    | Found Ireis's Magic Scroll Shop.
 67755 | Elf:3    | Got Jeun's Compendium of Ensnaring Air
 68389 | Elf:3    | Identified the +7 demon trident of Sockoboema {elec, *Noise
                  | rElec rN+++ Will+}
 68399 | Elf:3    | Identified a scroll of acquirement
 68491 | Elf:3    | Identified the amulet "Mupluunk" {Spirit rF++ Regen+}
 68506 | Elf:3    | Identified the +8 long sword "Concordance" {flame, rF+ rN+
                  | Str-3}
 68604 | Elf:3    | Reached skill level 19 in Fire Magic
 68609 | Elf:3    | Identified the +7 short sword "Ocsac" {flame, rF+ Int+2
                  | Dex+4}
 68802 | Elf:3    | Identified the +2 helmet of the Equinox {Rampage rElec rF-
                  | rN+}
 68853 | Elf:3    | Found the +6 arbalest "Damnation" {damnation}
 68863 | Elf:3    | Identified the +1 hand axe "Ikitigg" {vorpal, *Noise rPois
                  | rF+++ Int-2}
 68927 | Elf:3    | Acquired 550 gold pieces
 69504 | Vaults:2 | Bought a book of Alchemy for 504 gold pieces
 69508 | Vaults:2 | Learned a level 2 spell: Sublimation of Blood
 69919 | Slime:1  | Entered Level 1 of the Pits of Slime
 70193 | Slime:2  | Reached skill level 1 in Necromancy
 70443 | Slime:3  | Reached skill level 2 in Necromancy
 71193 | Slime:4  | Reached skill level 3 in Necromancy
 71198 | Slime:4  | Reached skill level 16 in Conjurations
 71310 | Slime:4  | Gained mutation: You are frail. (-10% HP) [a shining eye]
 71574 | Slime:4  | Reached skill level 11 in Fighting
 72263 | Slime:5  | Entered Level 5 of the Pits of Slime
 74011 | Slime:5  | Noticed the Royal Jelly
 74109 | Slime:5  | Killed the Royal Jelly
 74110 | Slime:5  | Reached skill level 14 in Shields
 74110 | Slime:5  | Reached skill level 20 in Spellcasting
 74110 | Slime:5  | Reached XP level 22. HP: 117/117 MP: 25/48
 74305 | Slime:5  | Found the +3 robe of Clouds {*Thunder rCloud rElec}
 74321 | Slime:5  | Identified the ring "Agaxtiag" {Will+ SInv}
 74357 | Slime:5  | Identified the +4 quarterstaff of Rubbish {venom, rPois rF-
                  | rN+++}
 74371 | Slime:5  | Identified the amulet of Tulips {Reflect Dex+2 SH+5}
 74387 | Slime:5  | Got Qesonuta's Discursus on Fetid Calling
 74394 | Slime:5  | Identified the ring of Dadiux Ylut {Will+ Int+6 Dex-2
                  | Stlth+}
 74418 | Slime:5  | Identified the +7 great sword "Ukessem" {spect, rF+ MP+9
                  | Int-4 Dex+4}
 74427 | Slime:5  | Got a slimy rune of Zot
 74581 | D:8      | Lost mutation: You are frail. (-10% HP) [potion of
                  | mutation]
 74581 | D:8      | Gained mutation: You do not regenerate when monsters are
                  | visible. [potion of mutation]
 74581 | D:8      | Gained mutation: You have a pair of small antennae on your
                  | head. [potion of mutation]
 74582 | D:8      | Lost mutation: You do not regenerate when monsters are
                  | visible. [potion of mutation]
 74582 | D:8      | Lost mutation: You have a pair of small antennae on your
                  | head. [potion of mutation]
 74582 | D:8      | Gained mutation: Potions are less effective at restoring
                  | your health. [potion of mutation]
 74583 | D:8      | Lost mutation: Potions are less effective at restoring your
                  | health. [potion of mutation]
 74583 | D:8      | Gained mutation: Your body sometimes deteriorates upon
                  | taking damage. [potion of mutation]
 74584 | D:8      | Lost mutation: Your body sometimes deteriorates upon taking
                  | damage. [potion of mutation]
 74584 | D:8      | Gained mutation: You are clumsy. (Dex -2) [potion of
                  | mutation]
 74584 | D:8      | Gained mutation: Your spells are a little harder to cast,
                  | but a little more powerful. [potion of mutation]
 74584 | D:8      | Gained mutation: You have a pair of small horns on your
                  | head. [potion of mutation]
 74871 | Elf:2    | Killed warriortoast's ghost
 74947 | Elf:2    | Got the Vellum of the Caves
 75239 | D:8      | Acquired 305 gold pieces
 75536 | Crypt:1  | Entered Level 1 of the Crypt
 75864 | Elf:1    | Bought a book of Power for 546 gold pieces
 75874 | Elf:1    | Learned a level 7 spell: Spellforged Servitor
 76259 | Crypt:1  | Reached skill level 1 in Summonings
 76554 | Crypt:1  | Reached skill level 2 in Summonings
 76722 | Crypt:1  | Identified the ring of Siphets {rF+ rC++ rCorr Str-5
                  | Slay+2}
 76838 | Crypt:1  | Identified the ring of the Republic {Fire rN+ Dex+5}
 77075 | Crypt:1  | Reached skill level 3 in Summonings
 77574 | Crypt:1  | Reached skill level 4 in Summonings
 77688 | Crypt:1  | Noticed Xtahua
 77691 | Crypt:1  | Killed Xtahua
 78404 | Crypt:2  | Reached skill level 5 in Summonings
 79468 | Crypt:3  | Entered Level 3 of the Crypt
 79663 | Crypt:3  | Noticed a curse skull
 79665 | Crypt:3  | Killed a curse skull
 79747 | Crypt:3  | Found an ancient bone altar of Kikubaaqudgha.
 79769 | Crypt:3  | Reached skill level 6 in Summonings
 79782 | Crypt:3  | Reached skill level 20 in Fire Magic
 79945 | Crypt:3  | Reached skill level 17 in Conjurations
 80715 | Crypt:3  | Found an ancient bone altar of Kikubaaqudgha.
 81034 | Crypt:3  | Found a staircase to the Tomb.
 81113 | Crypt:3  | Reached skill level 7 in Summonings
 81116 | Crypt:3  | Reached skill level 12 in Fighting
 81654 | Crypt:3  | Learned a level 2 spell: Blink
 81735 | Crypt:3  | Reached skill level 8 in Summonings
 81745 | Crypt:3  | Reached XP level 23. HP: 59/136 MP: 3/49
 82133 | Crypt:3  | Reached skill level 1 in Translocations
 83208 | Depths:1 | Entered Level 1 of the Depths
 83223 | Depths:1 | Reached skill level 10 in Evocations
 83298 | Depths:1 | Reached skill level 2 in Translocations
 84039 | Depths:1 | Reached skill level 3 in Translocations
 84114 | Depths:1 | Noticed Sojobo
 84292 | Depths:1 | Found a gateway to Hell.
 84323 | Depths:1 | Killed Sojobo
 84493 | Depths:1 | Found a shadowy altar of Dithmenos.
 85125 | Depths:2 | Reached skill level 15 in Shields
 85470 | D:4      | Bought a potion of invisibility for 88 gold pieces
 85704 | Orc:2    | Bought a potion of invisibility for 136 gold pieces
 85704 | Orc:2    | Bought a potion of invisibility for 136 gold pieces
 86404 | Depths:2 | Reached skill level 11 in Evocations
 86734 | Depths:2 | Reached skill level 18 in Conjurations
 87328 | Depths:2 | Identified the +3 hand axe "Zugeh" {speed, rF+ Will+ Dex+4}
 87641 | Depths:2 | Reached skill level 21 in Fire Magic
 87699 | Depths:2 | Reached skill level 13 in Fighting
 88024 | Depths:2 | Found a snail-covered altar of Cheibriados.
 88204 | Depths:2 | Found a shimmering altar of Xom.
 88205 | Depths:2 | Found a shimmering blue altar of Sif Muna.
 88205 | Depths:2 | Found a burning altar of Makhleb.
 88215 | Depths:2 | Reached skill level 12 in Evocations
 88696 | Depths:2 | Acquired a staff of conjuration
 88931 | Depths:2 | Identified the +3 mace of the Extremes {vorpal, rC- Str+7
                  | Int+2 Stlth+}
 88932 | Depths:2 | Got Thaumaturgy in Simple Steps
 89103 | Depths:2 | Reached XP level 24. HP: 139/145 MP: 13/49
 89347 | Depths:2 | Noticed a juggernaut
 89352 | Depths:2 | Killed a juggernaut
 89533 | Depths:2 | Found a blossoming altar of Fedhas.
 89570 | Depths:2 | Reached skill level 19 in Conjurations
 89914 | Depths:2 | Found a one-way gate leading to the halls of Pandemonium.
 89950 | Depths:2 | Identified the +1 longbow of Suama {speed, rN+ Dex+5 SInv}
 89953 | Depths:2 | Identified the +5 ring mail "Bogiu" {Str+5}
 90391 | Depths:3 | Found a one-way gateway to a ziggurat.
 90946 | Depths:3 | Identified the +7 flail of Watchfulness {vorpal, Int+6
                  | Dex+4}
 90952 | Depths:3 | Reached skill level 14 in Fighting
 92041 | Depths:4 | Entered Level 4 of the Depths
 92932 | Depths:4 | Reached skill level 9 in Summonings
 92939 | Depths:4 | Found a gate to the Realm of Zot.
 92953 | Depths:4 | Reached skill level 20 in Conjurations
 93296 | Depths:4 | Reached skill level 11 in Dodging
 93599 | Zot:1    | Entered Level 1 of the Realm of Zot
 93599 | Zot:1    | Noticed an electric golem
 93599 | Zot:1    | Noticed an electric golem
 93599 | Zot:1    | Noticed an ancient lich
 93602 | Zot:1    | Killed an ancient lich
 93653 | Depths:4 | Killed an electric golem
 93657 | Depths:4 | Killed an electric golem
 94336 | Zot:1    | Noticed an orb of fire
 94485 | Zot:1    | Killed an orb of fire
 94486 | Zot:1    | Reached skill level 13 in Earth Magic
 94633 | Zot:1    | Noticed an orb of fire
 94743 | Depths:4 | Killed an orb of fire
 95156 | Zot:1    | Reached XP level 25. HP: 140/153 MP: 14/49
 95331 | Zot:1    | Reached skill level 10 in Summonings
 95992 | Zot:1    | Noticed an orb of fire
 95999 | Zot:1    | Killed an orb of fire
 96218 | Zot:1    | Noticed a shard shrike
 96229 | Zot:1    | Reached skill level 12 in Dodging
 96256 | Zot:1    | Killed a shard shrike
 96524 | Zot:2    | Reached skill level 21 in Conjurations
 98012 | Zot:3    | Noticed a curse toe
 98015 | Zot:3    | Killed a curse toe
 98081 | Zot:3    | Noticed a curse toe
 98106 | Zot:3    | Killed a curse toe
 98288 | Zot:3    | Noticed a curse toe
 98300 | Zot:3    | Killed a curse toe
 98472 | Zot:3    | Reached skill level 11 in Summonings
 98491 | Zot:3    | Noticed Grunn
 98500 | Zot:3    | Killed Grunn
 98501 | Zot:3    | Reached skill level 14 in Earth Magic
 98502 | Zot:3    | Reached skill level 15 in Fighting
 98811 | Zot:3    | Found Cisyom's Changing Room.
 98825 | Zot:3    | Bought a potion of mutation for 88 gold pieces
 98937 | Zot:3    | Reached skill level 13 in Dodging
 99284 | Zot:4    | Noticed an orb of fire
 99289 | Zot:4    | Killed an orb of fire
100760 | Zot:5    | Entered Level 5 of the Realm of Zot
100964 | Zot:5    | Noticed a Killer Klown
100974 | Zot:5    | Killed a Killer Klown
101008 | Zot:5    | Noticed a curse toe
101013 | Zot:5    | Killed a curse toe
101195 | Zot:5    | Noticed an orb of fire
101536 | Zot:5    | Reached skill level 14 in Dodging
101761 | Zot:5    | Noticed a dread lich
101766 | Zot:5    | Killed a dread lich
101767 | Zot:5    | Reached XP level 26. HP: 161/161 MP: 34/49
101978 | Zot:5    | Noticed an orb of fire
101981 | Zot:5    | Killed an orb of fire
101982 | Zot:5    | Noticed an electric golem
101986 | Zot:5    | Killed an electric golem
101986 | Zot:5    | Noticed an orb of fire
101988 | Zot:5    | Killed an orb of fire
101997 | Zot:5    | Noticed an orb of fire
102004 | Zot:5    | Killed an orb of fire
102227 | Zot:5    | Noticed an electric golem
102232 | Zot:5    | Killed an electric golem
102320 | Zot:5    | Reached skill level 22 in Conjurations
102326 | Zot:5    | Noticed a dread lich
102327 | Zot:5    | Noticed an ancient lich
102328 | Zot:5    | Killed a dread lich
102328 | Zot:5    | Noticed a dread lich
102329 | Zot:5    | Reached skill level 15 in Dodging
102329 | Zot:5    | Noticed an orb of fire
102332 | Zot:5    | Noticed a dread lich
102333 | Zot:5    | Killed an ancient lich
102334 | Zot:5    | Reached skill level 16 in Fighting
102336 | Zot:5    | Killed a dread lich
102336 | Zot:5    | Killed a dread lich
102337 | Zot:5    | Noticed an ancient lich
102338 | Zot:5    | Killed an orb of fire
102339 | Zot:5    | Reached skill level 15 in Earth Magic
102340 | Zot:5    | Noticed an ancient lich
102341 | Zot:5    | Killed an ancient lich
102344 | Zot:5    | Killed an ancient lich
102345 | Zot:5    | Reached skill level 21 in Spellcasting
102348 | Zot:5    | Noticed a dread lich
102358 | Zot:5    | Killed a dread lich
103286 | Vaults:5 | Entered Level 5 of the Vaults
103286 | Vaults:5 | Noticed a dread lich
103288 | Vaults:5 | Reached skill level 22 in Fire Magic
103290 | Vaults:5 | Killed a dread lich
103344 | Vaults:5 | Reached skill level 23 in Fire Magic
103543 | Vaults:5 | Reached skill level 16 in Dodging
103562 | Vaults:5 | Reached XP level 27. HP: 143/169 MP: 12/50
103678 | Vaults:5 | Identified the +1 robe of Watchfulness {rF+ rN++ Int+4
                  | Stlth-}
103678 | Vaults:5 | Identified the ring of Umeferph {Fire Str-3 Int+4}
103683 | Vaults:5 | Identified the +3 great sword of Verghit {antimagic, Contam
                  | +Blink Str+5 Int+4}
103792 | Vaults:5 | Identified the +10 whip of the Purse {elec, *Slow rElec
                  | SInv Stlth+}
103847 | Vaults:5 | Identified the +3 great sword of Imminent Death {freeze,
                  | rF+ rCorr}
103847 | Vaults:5 | Identified the ring of Koucoil {rPois Will+ Int+4}
103875 | Vaults:5 | Identified the +7 hand axe "Killer Klown's Curse" {flame,
                  | rPois rC+++ Dex+2 Stlth-}
104144 | Vaults:5 | Identified the +0 shortbow "Goblinslayer" {flame, rElec rN+
                  | Will+++ Dex-4}
104144 | Vaults:5 | Identified the ring of Wishful Thinking {rF- MP+9 Int+6}
104810 | Vaults:5 | Identified the +5 mace of Nemelex Xobeh's Esteem {holy,
                  | rElec rC+ Str+6 Stlth-}
104890 | Vaults:5 | Identified the +5 morningstar of Embarrassment {vorpal,
                  | Contam rC+ Str+4}
105033 | Vaults:5 | Identified the +5 halberd of Symmetry {vorpal, Fly rN+
                  | Dex-5 Stlth+}
105037 | Vaults:5 | Got a silver rune of Zot
105093 | Vaults:5 | Noticed a dread lich
105097 | Vaults:5 | Killed a dread lich
105428 | Vaults:5 | Identified the +1 ring mail of Muttered Phrases {Stlth+}
106095 | Zot:5    | Got the Orb of Zot
106447 | D:8      | Noticed Luhyofa the pandemonium lord
106592 | D:$      | Escaped with the Orb!

Vanquished Creatures
  the Royal Jelly (Slime:5)
  6 dread liches (Zot:5 Vaults:5)
  5 orbs of fire (Zot:1 Depths:4 Zot:5)
  4 ancient liches (Vaults:4 Zot:1 Zot:5)
  A juggernaut (Depths:2)
  Sojobo (Depths:1)
  6 Killer Klowns (Zot:5)
  A shard shrike (Zot:1)
  Xtahua (Crypt:1)
  Margery (Vaults:4)
  3 curse toes (Zot:3 Zot:5)
  The ghost of jlumianski the Warrior, a veteran KoBe of Trog (Vaults:2)
  Saint Roka (Vaults:4)
  7 golden dragons (Depths:2 Depths:3 Zot:1 Zot:2 Zot:4)
  Arachne (Spider:2)
  A doom hound (Zot:3)
  2 electric golems (Depths:4 Zot:5)
  12 tentacled monstrosities (Swamp:1 Depths:2 Depths:3 Zot:1 Zot:2)
  Zenata (Vaults:4)
  A walking divine tome (Depths:3)
  Asterion (Spider:3)
  15 Orb Guardians (Zot:5 D:5)
  Grunn (Zot:3)
  A shard shrike skeleton (Crypt:2)
  Mlioglotl (Swamp:2)
  2 deep elf blademasters (Elf:3)
  The ghost of warriortoast the Devastator, an adept DrCj of Hepliaklqana (Elf:2)
  2 deep elf master archers (Elf:3)
  9 titans (Depths:2 Depths:3 Vaults:5)
  3 walking crystal tomes (Depths:2 Depths:3)
  7 quicksilver dragons (Depths:4 Zot:1 Zot:4 Zot:5 Vaults:5)
  4 liches (Depths:2 Depths:1 Depths:4)
  2 walking frostbound tomes (Depths:3)
  21 acid blobs (Slime:3 Slime:4 Slime:5)
  7 sphinxes (Vaults:3 Depths:2 Depths:3 Vaults:5)
  Agnes (Spider:1)
  Frances (Spider:1)
  9 tengu reavers (Vaults:2 Depths:1 Depths:2 Depths:3 Vaults:5)
  7 storm dragons (Depths:2 Zot:1 Zot:2 Zot:3 Zot:4)
  6 death cobs (Depths:4 Zot:2 Zot:4 Zot:3 Zot:5)
  5 shadow dragons (Zot:1 Zot:5 Vaults:5)
  3 ancient champions (Elf:2 Crypt:3)
  5 draconian monks (Depths:4 Zot:1 Zot:2)
  Kirke (D:13)
  3 thorn hunters (Swamp:4)
  3 revenants (Crypt:2)
  A fenstrider witch (Swamp:1)
  Roxanne (Spider:1)
  Donald (Vaults:4)
  12 frost giants (Depths:1 Depths:2 Depths:3 Depths:4 Vaults:5)
  9 azure jellies (Slime:2 Slime:4 Slime:5)
  A draconian knight (Zot:1)
  6 deep elf sorcerers (Elf:1 Elf:3 Vaults:5)
  An orc warlord (Vaults:3)
  4 draconian scorchers (Zot:1 Zot:2 Zot:5)
  14 fire giants (Vaults:1 Vaults:2 Depths:1 Depths:2 Depths:3)
  3 ghost moths (Spider:2 Spider:4)
  Louise (Swamp:1)
  A rockslime (Slime:3)
  2 iron dragons (Zot:1 Depths:4)
  A curse skull (Crypt:3)
  7 ghouls (Crypt:1 Crypt:2 Crypt:3)
  6 deep elf elementalists (Elf:3)
  5 draconian shifters (Zot:1 Zot:2)
  A balrug (Depths:1)
  3 draconian stormcallers (Depths:4 Zot:1 Zot:4)
  3 draconian annihilators (Zot:1 Zot:2 Zot:4)
  19 vault wardens (Vaults:1 Vaults:2 Vaults:3 Vaults:4 Vaults:5)
  An emperor scorpion (Spider:4)
  Aizul (Vaults:1)
  11 quicksilver oozes (Slime:1 Slime:2 Slime:3 Slime:4 Slime:5)
  4 spriggan defenders (Depths:2 Depths:3)
  15 ironbound preservers (Vaults:1 Vaults:2 Vaults:3 Vaults:4 Vaults:5)
  3 war gargoyles (Vaults:4)
  A quicksilver ooze (shapeshifter) (Depths:2)
  2 grey draconians (Depths:4)
  21 stone giants (D:15 Vaults:2 Depths:1 Depths:2 Vaults:5)
  16 vampire knights (Crypt:1 Crypt:3 Depths:1 Depths:2 Depths:3)
  17 very ugly things (Vaults:2 Vaults:4 Depths:2 Vaults:5)
  A reaper (Crypt:2)
  4 ironbound thunderhulks (Vaults:1 Vaults:2 Vaults:3 Vaults:4)
  8 green draconians (Zot:2 Zot:3 Zot:4 Zot:5)
  7 eleionomae (Swamp:1 Swamp:2 Swamp:3 Swamp:4)
  8 black draconians (Zot:1 Zot:2 Zot:3 Zot:5)
  5 deep elf demonologists (Elf:1 Elf:2 Elf:3 Depths:4)
  12 entropy weavers (Spider:1 Spider:3 Spider:4 Vaults:1 Vaults:2)
  15 dire elephants (Lair:5 Vaults:1 Vaults:2 Vaults:3)
  11 spark wasps (Spider:3 Depths:1 Depths:2 Depths:3 Depths:4)
  A bunyip (shapeshifter) (Vaults:5)
  3 bunyips (Lair:3 Swamp:4)
  4 purple draconians (Depths:4 Zot:1 Zot:2 Zot:5)
  2 red draconians (Zot:2 Zot:3)
  2 yellow draconians (Zot:2 Zot:5)
  2 white draconians (Zot:1 Zot:2)
  12 ettins (Depths:1 Depths:2 Depths:3 Depths:4 Vaults:5)
  8 deep elf annihilators (Elf:3 Vaults:5)
  10 eidola (Crypt:1 Crypt:2 Crypt:3)
  5 deep elf death magi (Elf:3 Crypt:1)
  9 fire dragons (Lair:5 Swamp:4 Depths:2 Depths:4)
  11 jiangshi (Crypt:1 Crypt:3)
  An ettin (shapeshifter) (D:13)
  Josephine (D:14)
  6 yaktaur captains (Vaults:2 Vaults:3 Vaults:4 Vaults:5)
  8 rakshasas (Depths:1 Depths:2)
  13 great orbs of eyes (Vaults:1 Vaults:2 Vaults:4 Slime:3 Slime:4)
  3 spriggan zombies (Crypt:3)
  4 deep elf high priests (Elf:3 Vaults:5)
  39 vault guards (D:14 Vaults:1 Vaults:3 Vaults:4 Vaults:5)
  10 boulder beetles (Lair:4 D:12 D:13 D:14 D:15)
  A hell beast (Depths:1)
  2 peacekeepers (Vaults:3 Vaults:4)
  13 ice dragons (IceCv Depths:2 Depths:3)
  5 ghost crabs (Swamp:1)
  24 hydras (Lair:5 Lair:4 Lair:1 D:11 D:12)
  2 spriggan skeletons (Crypt:3)
  9 centaur warriors (D:13 D:14 D:15 Vaults:2)
  A jorogumo (Spider:1)
  6 radroaches (Spider:1 Spider:2 Spider:4)
  A two-headed ogre (shapeshifter) (Depths:2)
  An ogre mage (Vaults:5)
  6 spriggan air magi (Depths:2)
  3 two-headed ogres (D:8 D:12 D:13)
  2 death knights (Vaults:2 Crypt:3)
  A radroach (shapeshifter) (Elf:3)
  11 ironbound frosthearts (D:14 Vaults:1 Vaults:2 Vaults:3)
  The ghost of safid the Marksminotaur, a novice MiHu of Okawaru (D:8)
  The ghost of safid the Marksminotaur, a novice MiHu of Okawaru (D:13)
  8 tengu warriors (D:15 Depths:2 Depths:3)
  8 alligators (Lair:3 Swamp:2 Swamp:3)
  4 deep troll shamans (Depths:1 Depths:2 Depths:4)
  2 Orb Guardian skeletons (Crypt:2 Crypt:3)
  3 death yaks (Lair:5)
  12 vampire magi (Vaults:2 Crypt:1 Crypt:2 Crypt:3 Depths:2)
  A hell hog (Depths:1)
  10 deep troll earth magi (Depths:1 Depths:2 Depths:4 Vaults:5)
  16 dancing weapons (Elf:1 Elf:2 Elf:3)
  A titan zombie (Crypt:1)
  A storm dragon zombie (Crypt:3)
  9 spriggan berserkers (Depths:2 Depths:4)
  13 deep elf knights (Elf:1 Elf:3)
  5 orc high priests (Orc:2)
  4 soul eaters (Crypt:1 Depths:1)
  4 sun demons (Depths:1)
  A titan skeleton (Crypt:1)
  Sonja (D:13)
  8 hell knights (Vaults:4 Vaults:3 Depths:1 Depths:2 Depths:3)
  2 iron trolls (Depths:4)
  35 skeletal warriors (Crypt:1 Crypt:2 Crypt:3)
  3 sun moths (Spider:2 Spider:4)
  A sixfirhy (D:9)
  3 glowing orange brains (Vaults:4 Slime:5 Depths:2)
  2 shadow wraiths (Crypt:2 Crypt:3)
  11 steelbarb worms (Spider:1 Spider:3 Spider:4)
  A golden dragon zombie (Crypt:3)
  3 orb spiders (Spider:1 Spider:2 Spider:3)
  5 goliath frogs (Lair:3 Swamp:1 Swamp:2 Swamp:3)
  A glowing orange brain (shapeshifter) (Depths:2)
  11 flayed ghosts (Crypt:1 Crypt:2 Crypt:3 Depths:2 Depths:3)
  10 swamp dragons (Lair:5 Swamp:2 Swamp:3 Swamp:4)
  7 spriggan druids (Swamp:1 Swamp:2 Swamp:4)
  6 pharaoh ants (Spider:1 Spider:3 Spider:4)
  58 deep trolls (Vaults:1 Vaults:2 Vaults:3 Vaults:4 Depths:1)
  6 wizards (D:15 Vaults:1 Vaults:3 Vaults:4 Depths:2)
  2 necromancers (Vaults:2 Crypt:3)
  14 lindwurms (Lair:5 Vaults:1 Vaults:2 Vaults:3)
  9 bog bodies (Lair:3 Swamp:1 Swamp:2 Swamp:3 Crypt:2)
  22 phantasmal warriors (Vaults:2 Crypt:1 Crypt:2 Crypt:3 Vaults:5)
  7 deep elf archers (Elf:1 Elf:2 Elf:3)
  13 ironbound convokers (Vaults:1 Vaults:2 Vaults:3 Vaults:4 Vaults:5)
  12 orc knights (Orc:2 D:13 D:14 D:15 Vaults:4)
  13 wolf spiders (Spider:1 Spider:2 Spider:3 Spider:4)
  27 deep elf pyromancers (D:13 D:14 Elf:1 Elf:2 Elf:3)
  39 deep elf zephyrmancers (D:13 Elf:1 Elf:2 Elf:3)
  8 harpies (Vaults:1 Vaults:2)
  9 cyclopes (Volcano D:11 D:12 D:13 D:14)
  5 orc sorcerers (Orc:2)
  4 shining eyes (Slime:2 Slime:3 Slime:4)
  23 ugly things (D:15 Vaults:1 Vaults:2 Vaults:3 Vaults:4)
  2 will-o-the-wisps (Swamp:2 Swamp:3)
  A stone giant zombie (Crypt:3)
  2 naga zombies (Crypt:3)
  A frost giant zombie (Crypt:3)
  The ghost of KittyFluff the Trooper, a novice GrBe of Trog (D:5)
  A centaur zombie (Crypt:3)
  3 black mambas (Lair:5)
  8 moths of wrath (Spider:4 Zot:1 Depths:4 Zot:2 Zot:4)
  10 elephants (Lair:1 Lair:4 Lair:5)
  3 apocalypse crabs (Swamp:1)
  A smoke demon (Depths:1)
  2 ice statues (IceCv)
  A dire elephant zombie (Crypt:3)
  3 eyes of devastation (Slime:4 Slime:5)
  6 torpor snails (Spider:2 Spider:3 Spider:4)
  18 vault sentinels (Vaults:1 Vaults:2 Vaults:3 Vaults:4 Vaults:5)
  9 rime drakes (Lair:4 Lair:5 IceCv)
  15 cane toads (Lair:1 Lair:2 Lair:3 Lair:4 Lair:5)
  2 unseen horrors (D:10 D:12)
  A green draconian zombie (Crypt:1)
  3 hellions (Crypt:3 Depths:1)
  A white draconian zombie (Crypt:1)
  7 komodo dragons (D:7 Lair:1 Lair:2 Lair:4 Lair:5)
  A minotaur zombie (Crypt:3)
  2 kobold demonologists (D:12)
  4 demonic crawlers (Spider:1 Spider:2 Spider:3 Spider:4)
  9 freezing wraiths (Vaults:2 Crypt:1 Crypt:2 Crypt:3)
  An unseen horror zombie (Crypt:2)
  A death yak zombie (Crypt:3)
  2 ice devils (D:11)
  An orb spider zombie (Crypt:2)
  2 efreet (D:13 D:14)
  2 tengu conjurers (Depths:2 Depths:3)
  61 yaktaurs (D:14 Vaults:1 Vaults:2 Vaults:3 Vaults:4)
  2 hellwings (D:11)
  An ancient zyme (D:5)
  A redback zombie (Crypt:1)
  A catoblepas skeleton (Crypt:2)
  3 polar bears (Lair:4)
  A red draconian skeleton (Crypt:2)
  5 bloated husks (Swamp:2 Swamp:3 Swamp:4)
  A yellow draconian skeleton (Crypt:2)
  9 trolls (D:8 Orc:1 Orc:2 D:13 D:14)
  9 meliai (Spider:2 Spider:4)
  A meliai (shapeshifter) (Vaults:4)
  9 blink frogs (Lair:3 Lair:5)
  An ettin zombie (Crypt:3)
  8 tyrant leeches (Swamp:1 Lair:3 Swamp:3 Swamp:4)
  96 slime creatures (D:12 D:14 D:13 D:15 Vaults:1)
  A death drake skeleton (Crypt:3)
  21 tarantellas (Spider:1 Spider:2 Spider:3 Spider:4)
  11 hornets (D:8 Swamp:2 Swamp:3 Swamp:4 Depths:3)
  2 dream sheep (Lair:5)
  15 jumping spiders (Spider:1 Spider:2 Spider:3 Spider:4 Vaults:2)
  A culicivora (shapeshifter) (Vaults:5)
  A centaur simulacrum (Crypt:3)
  2 air elementals (Elf:2 Elf:3)
  63 yaks (D:8 D:9 Lair:1 Lair:2 Lair:3)
  13 spriggans (Lair:3 Swamp:1 Swamp:2 Swamp:3 Swamp:4)
  3 water elementals (D:13 Elf:2 Elf:3)
  A shadow (D:10)
  13 culicivoras (Spider:1 Spider:2 Spider:3 Spider:4 Vaults:1)
  2 fire elementals (Elf:1 Elf:2)
  2 vampires (D:9 D:12)
  19 wraiths (D:14 Crypt:1 Crypt:2 Crypt:3)
  6 humans (D:14)
  3 steam dragons (D:7 D:8 D:9)
  7 basilisks (Lair:2 Lair:5 D:12 D:14)
  7 wyverns (D:9 Lair:2 Lair:4)
  7 hogs (D:13)
  10 vampire mosquitoes (D:12 D:13 Swamp:2)
  59 redbacks (Spider:1 Spider:2 Spider:3 Spider:4 Vaults:1)
  11 wargs (Orc:1 Orc:2 D:15 Vaults:4)
  A harpy simulacrum (Crypt:3)
  13 swamp worms (Lair:3 Swamp:1 Swamp:2 Swamp:3 Swamp:4)
  2 hydra simulacra (Zot:1)
  4 acid dragons (D:7 Lair:5 D:12)
  8 water moccasins (D:6 D:7 Lair:2 Lair:3 Lair:4)
  29 orc warriors (D:8 D:10 Orc:1 Orc:2 D:13)
  A black bear (D:6)
  2 ice beasts (Vaults:3)
  A sky beast (D:7)
  16 swamp drakes (Lair:5 Swamp:1 Swamp:3 Swamp:4)
  9 ogres (D:6 D:7 Orc:1 Orc:2)
  A manticore skeleton (Crypt:2)
  A hog zombie (Crypt:2)
  11 wolves (Lair:1 Lair:4 Lair:5)
  14 centaurs (D:5 D:8 D:9 D:10 D:12)
  4 kobold brigands (D:8 D:10 D:12)
  2 small abominations (D:5 D:7)
  2 scorpions (D:5 D:7)
  3 gnoll sergeants (D:5 D:12 Orc:1)
  5 necrophages (D:4 D:5 D:6 D:7 Crypt:2)
  8 bullfrogs (D:5 D:6 D:8 D:9 Lair:2)
  5 earth elementals (Elf:1 Elf:2 Elf:3)
  8 wights (D:5 D:8)
  5 lindwurm simulacra (IceCv)
  7 killer bees (D:7 D:8)
  4 electric eels (Lair:2 Lair:3 D:13)
  A komodo dragon simulacrum (IceCv)
  2 gnoll boudas (D:7 D:8)
  6 hounds (D:4 D:5 Lair:1)
  3 jellies (D:6 D:7)
  27 orc priests (D:4 D:7 D:8 D:9 D:10)
  A centaur skeleton (Crypt:2)
  11 iron imps (D:5 Crypt:3)
  Jessica (D:2)
  6 iguanas (D:5 D:7 Lair:5)
  A human skeleton (Crypt:3)
  38 orc wizards (D:4 D:5 D:6 D:7 D:8)
  A hound skeleton (Crypt:2)
  A hound zombie (Crypt:1)
  18 gnolls (D:5 D:7 D:8 D:12 Orc:1)
  7 acid dragon simulacra (IceCv)
  11 adders (D:2 D:3 D:4 D:5 D:6)
  3 shadow imps (D:6 D:7 D:5)
  A white imp (D:6)
  8 steam dragon simulacra (IceCv)
  An ufetubus (D:6)
  A lava snake skeleton (Crypt:3)
  2 worms (D:2 D:12)
  A dart slug (D:5)
  95 orcs (D:4 D:5 D:6 D:7 D:8)
  2 ball pythons (D:2 D:4)
  2 endoplasms (D:2 D:4)
  2 giant cockroaches (D:2 D:4)
  5 hobgoblins (D:1 D:2 D:3 D:4)
  19 kobolds (D:1 D:2 D:3 D:4 D:8)
  5 quokkas (D:1 D:2 D:3 D:5)
  7 bats (D:1 D:2 D:3)
  6 goblins (D:1 D:3 D:4)
  An orc skeleton (Crypt:2)
  A quokka skeleton (Crypt:3)
  2 rats (D:1)
  A bush (Lair:5)
2251 creatures vanquished.

Vanquished Creatures (collateral kills)
  A dread lich (Vaults:5)
  3 orbs of fire (Zot:4 Zot:5)
  An ancient lich (Zot:5)
  A Killer Klown (Zot:5)
  A curse toe (Zot:3)
  2 golden dragons (Depths:4 Zot:5)
  2 electric golems (Depths:4 Zot:5)
  A doom hound (Zot:3)
  8 tentacled monstrosities (Zot:2 Zot:3 Zot:4 Zot:5 Vaults:5)
  11 Orb Guardians (Zot:5)
  A titan (Vaults:5)
  2 quicksilver dragons (Zot:2 Zot:4)
  3 death cobs (Zot:4 Zot:5)
  2 shadow dragons (Zot:3)
  A tengu reaver (Vaults:5)
  6 storm dragons (Depths:4 Zot:1 Zot:2 Zot:3 Zot:4)
  4 draconian monks (Depths:4 Zot:1 Zot:4)
  A fire giant (Depths:4)
  A deep elf sorcerer (Vaults:5)
  A draconian knight (Zot:2)
  2 draconian scorchers (Zot:1 Zot:2)
  A vault warden (Vaults:5)
  An ironbound preserver (Vaults:5)
  2 draconian stormcallers (Depths:4)
  A stone giant (Vaults:5)
  A war gargoyle (Vaults:5)
  2 grey draconians (Depths:4)
  8 green draconians (Depths:4 Zot:1 Zot:2 Zot:4)
  2 black draconians (Zot:3 Zot:4)
  3 red draconians (Depths:4 Zot:1)
  4 yellow draconians (Zot:1 Zot:2 Zot:3 Zot:4)
  3 white draconians (Zot:1 Zot:5)
  A purple draconian (Zot:1)
  A blizzard demon (Depths:4)
  3 ettins (Depths:4 Vaults:5)
  A green death (D:11)
  2 fire dragons (Depths:4)
  4 yaktaur captains (Vaults:5)
  A hell knight (Vaults:5)
  A deep troll (Depths:4)
  A mana viper (shapeshifter) (Vaults:5)
  5 moths of wrath (Zot:1 Zot:4 Zot:5)
  A komodo dragon (shapeshifter) (Vaults:5)
104 creatures vanquished.

Vanquished Creatures (others)
  A storm dragon (Zot:5)
  A green draconian (Zot:5)
  A spriggan (Swamp:1)
  A bloated husk (Swamp:1)
  A hornet (Swamp:1)
  A human (D:14)
  25 fungi (D:8 Lair:2 Lair:3 Lair:4 Lair:5)
  74 plants (D:8 Lair:1 Lair:2 Lair:4 Lair:5)
  2 withered plants (D:13)
107 creatures vanquished.

Grand Total: 2462 creatures vanquished

Table legend: (Time is in decaauts)
 A = Elapsed time spent in this place.
 B = Non-inter-level travel time spent in this place.
 C = Inter-level travel time spent in this place.
 D = Time resting spent in this place.
 E = Time spent auto-exploring this place.
 F = Levels seen in this place.
 G = Mean time per level.
                   A        B        C        D        E       F      G
               +--------+--------+--------+--------+--------+-----+--------+
         Total | 107374 |  95362 |  12012 |  34356 |  40787 |  58 | 1851.3 |
       Dungeon |  26233 |  21309 |   4924 |   5835 |  11279 |  15 | 1748.9 |
        Temple |    172 |    135 |     37 |      0 |    118 |   1 |  172.0 |
          Lair |  16266 |  14473 |   1793 |   6837 |   4647 |   5 | 3253.2 |
         Swamp |   4404 |   3914 |    490 |   1019 |   1827 |   4 | 1101.0 |
   Spider Nest |   6258 |   5937 |    321 |   2424 |   1791 |   4 | 1564.5 |
    Slime Pits |   4603 |   4390 |    213 |   1973 |   1169 |   5 |  920.6 |
  Orcish Mines |   3089 |   2368 |    721 |    682 |   1127 |   2 | 1544.5 |
   Elven Halls |   4867 |   4379 |    488 |    969 |   2269 |   3 | 1622.3 |
        Vaults |  14335 |  12814 |   1521 |   3938 |   6379 |   5 | 2867.0 |
         Crypt |   6462 |   6098 |    364 |   2321 |   2679 |   3 | 2154.0 |
        Depths |  11348 |  10864 |    484 |   5151 |   4119 |   4 | 2837.0 |
           Zot |   7931 |   7279 |    652 |   2394 |   3233 |   5 | 1586.2 |
      Ice Cave |   1127 |   1127 |      0 |    606 |    149 |   1 | 1127.0 |
       Volcano |    273 |    273 |      0 |    206 |      0 |   1 |  273.0 |
               +--------+--------+--------+--------+--------+-----+--------+

Top non-repeatable levels by time:
  Lair:5: 4043 daAuts
Vaults:2: 4036 daAuts
  Lair:3: 4020 daAuts
  Lair:4: 3794 daAuts
     D:8: 3738 daAuts
Depths:4: 3412 daAuts
Depths:2: 3342 daAuts
Vaults:3: 3101 daAuts
    D:12: 2817 daAuts
Vaults:1: 2743 daAuts
Depths:1: 2730 daAuts
     D:5: 2722 daAuts
 Crypt:3: 2690 daAuts
     D:7: 2616 daAuts
  Lair:2: 2602 daAuts

Table legend:
 A = Non-vault XP
 B = Vault XP
 C = Vault XP percentage of total XP
 D = Non-vault monster count
 E = Vault monster count
 F = Vault count percentage of total count
                 A         B        C        D         E       F
            +---------+---------+-------+---------+---------+-------
      Total |  731562 |  816132 |  52.7 |    1447 |     887 |  38.0
            +---------+---------+-------+---------+---------+-------
        D:1 |      18 |       0 |   0.0 |      12 |       0 |   0.0
        D:2 |      45 |      37 |  45.1 |      11 |       1 |   8.3
        D:3 |      29 |       0 |   0.0 |      10 |       0 |   0.0
        D:4 |     333 |      15 |   4.3 |      21 |       2 |   8.7
        D:5 |    1070 |    1016 |  48.7 |      26 |       7 |  21.2
        D:6 |     827 |       0 |   0.0 |      22 |       0 |   0.0
        D:7 |    1183 |     978 |  45.3 |      24 |      10 |  29.4
        D:8 |    3310 |     824 |  19.9 |      41 |       1 |   2.4
        D:9 |    1842 |       0 |   0.0 |      29 |       0 |   0.0
       D:10 |    3178 |       0 |   0.0 |      28 |       0 |   0.0
       D:11 |    2243 |     682 |  23.3 |       6 |       2 |  25.0
       D:12 |    7431 |     164 |   2.2 |      38 |       2 |   5.0
       D:13 |   10300 |    9775 |  48.7 |      26 |      19 |  42.2
       D:14 |   10403 |    7252 |  41.1 |      32 |      16 |  33.3
       D:15 |   11775 |    2692 |  18.6 |      28 |       3 |   9.7
     Lair:1 |    3667 |    1438 |  28.2 |      13 |      12 |  48.0
     Lair:2 |    3466 |    1403 |  28.8 |      17 |       5 |  22.7
     Lair:3 |    9163 |    2545 |  21.7 |      22 |       7 |  24.1
     Lair:4 |   10493 |    2514 |  19.3 |      34 |       6 |  15.0
     Lair:5 |    6862 |   13870 |  66.9 |      22 |      35 |  61.4
    Swamp:1 |   10251 |    9022 |  46.8 |      19 |      12 |  38.7
    Swamp:2 |   14452 |    1727 |  10.7 |      29 |       1 |   3.3
    Swamp:3 |    9637 |     133 |   1.4 |      21 |       1 |   4.5
    Swamp:4 |   12046 |   17708 |  59.5 |      18 |      27 |  60.0
   Spider:1 |    9490 |    4430 |  31.8 |      22 |       3 |  12.0
   Spider:2 |   20983 |    2368 |  10.1 |      62 |       1 |   1.6
   Spider:3 |   19946 |    1793 |   8.2 |      51 |       1 |   1.9
   Spider:4 |    8993 |   16065 |  64.1 |      19 |      25 |  56.8
    Slime:1 |    2218 |       0 |   0.0 |       5 |       0 |   0.0
    Slime:2 |    3226 |       0 |   0.0 |       4 |       0 |   0.0
    Slime:3 |   10801 |       0 |   0.0 |      17 |       0 |   0.0
    Slime:4 |   17439 |       0 |   0.0 |      31 |       0 |   0.0
    Slime:5 |   12006 |   24489 |  67.1 |      26 |      18 |  40.9
      Orc:1 |    2509 |       0 |   0.0 |      36 |       0 |   0.0
      Orc:2 |    6091 |    8119 |  57.1 |      54 |      25 |  31.6
      Elf:1 |   19376 |    9962 |  34.0 |      30 |      16 |  34.8
      Elf:2 |    5031 |    8067 |  61.6 |      10 |       8 |  44.4
      Elf:3 |   29277 |   30483 |  51.0 |      46 |      26 |  36.1
   Vaults:1 |   31651 |   25862 |  45.0 |      51 |      36 |  41.4
   Vaults:2 |   23232 |   28436 |  55.0 |      36 |      33 |  47.8
   Vaults:3 |   31049 |   25219 |  44.8 |      49 |      36 |  42.4
   Vaults:4 |   36434 |   29719 |  44.9 |      44 |      38 |  46.3
   Vaults:5 |   11302 |   95909 |  89.5 |      16 |      82 |  83.7
    Crypt:1 |   26058 |    8577 |  24.8 |      37 |       8 |  17.8
    Crypt:2 |   24060 |    2903 |  10.8 |      36 |       4 |  10.0
    Crypt:3 |   22982 |   50589 |  68.8 |      35 |      82 |  70.1
   Depths:1 |   27204 |   17506 |  39.2 |      30 |      17 |  36.2
   Depths:2 |       0 |  115715 | 100.0 |       0 |     110 | 100.0
   Depths:3 |   16051 |   26627 |  62.4 |      17 |      18 |  51.4
   Depths:4 |   29474 |   30156 |  50.6 |      25 |      26 |  51.0
      Zot:1 |   34887 |   23066 |  39.8 |      26 |      14 |  35.0
      Zot:2 |   41219 |       0 |   0.0 |      34 |       0 |   0.0
      Zot:3 |   28672 |    5773 |  16.8 |      18 |       3 |  14.3
      Zot:4 |   18358 |   19344 |  51.3 |      13 |      12 |  48.0
      Zot:5 |   27519 |  126916 |  82.2 |      18 |      47 |  72.3
      IceCv |       0 |    3679 | 100.0 |       0 |      28 | 100.0
    Volcano |       0 |     565 | 100.0 |       0 |       1 | 100.0
            +---------+---------+-------+---------+---------+-------
